Cogmind - Beta 17 @@@ ROGUE MODE // 2026.07.18 @ 15:12:25 // Winter2019/RPGLIKE Player: Gallgagger Result: Establishing 0b11! Performance ------------- Evolutions (9) 4500 Regions Visited (32) 6400 Robots Destroyed (1868) 9340 Value Destroyed (126042) 126042 Prototype IDs (375) 7500 Alien Tech Used (6) 1200 Bonus (143627) 143627 TOTAL SCORE: 298609 Bonus ------- Triggered High Security 2500 High Alert Combat Kills 93356 Follower Combat Kills 1049 Hunted by Unchained 1500 Destroyed Unchained 1000 Entered Garrisons 400 Network Hubs Disabled 400 Aligned with FarCom 300 Met Data Miner 300 Destroyed Z-Imprinter 1000 Acquired ECA 300 Met R17 at Cetus 500 Scanned by Researcher 500 Destroyed MAIN.C Guards 500 Met MAIN.C 5000 Destroyed MAIN.C Shell 5000 Destroyed MAIN.C 10000 Met Architect 300 Destroyed A8 300 Destroyed A6 400 Destroyed A5 500 Destroyed A4 700 Destroyed A3 800 Destroyed A2 1000 Destroyed Architect 15000 Win 3000 Friendly Fire -1978 Cogmind --------- Core Integrity 997/1100 Matter 290/300 Energy 133/340 System Corruption 0% Temperature Cool (6) Movement Flying (10) Location 0b11 Command Parts ------- > --- POWER (2) -------- Concept Zero-point Core Concept Zero-point Core > --- PROPULSION (5) --- Cooled Q-thruster Experimental Biomechanical Wings Experimental Biomechanical Wings Concept Fieldthrust Drive Concept Fieldthrust Drive > --- UTILITY (15) ----- Quantum Shading Machine ST Field Compressor Experimental Melee Analysis Suite Experimental Melee Analysis Suite Experimental Melee Analysis Suite Concept Melee Reflex Suite Femtoactuators Experimental Actuator Array Experimental Force Booster Experimental Force Booster Experimental Reaction Control System Experimental Focal Shield Concept Beam Splitter Advanced Dynamic Insulation System > --- WEAPON (3) ------- Concept Deflector Sword Sigix Broadsword > --- INVENTORY (5) ---- Stasis Canceller Graphene Brace Concept Hardlight Director Experimental Jetlance Experimental Jetlance Peak State ------------ > --- POWER ------------ Concept Zero-point Core Concept Zero-point Core > --- PROPULSION ------- Cooled Q-thruster Experimental Biomechanical Wings Experimental Biomechanical Wings Concept Fieldthrust Drive Concept Fieldthrust Drive > --- UTILITY ---------- Quantum Shading Machine ST Field Compressor Experimental Melee Analysis Suite Experimental Melee Analysis Suite Experimental Melee Analysis Suite Concept Melee Reflex Suite Femtoactuators Experimental Actuator Array Experimental Force Booster Experimental Force Booster Experimental Reaction Control System Graphene Brace Experimental Focal Shield Concept Beam Splitter Advanced Dynamic Insulation System > --- WEAPON ----------- Concept Deflector Sword Sigix Broadsword > --- INVENTORY -------- Stasis Canceller Concept Hardlight Director High-powered Transdimensional Reconstructor Experimental Jetlance Experimental Jetlance [Rating: 268] Favorites ----------- Power Concept Zero-point Core Engine Ion Engine Power Core Concept Zero-point Core Propulsion Improved Cesium-ion Thruster Leg Enhanced Biometal Leg Flight Unit Improved Cesium-ion Thruster Utility Advanced Melee Analysis Suite Device Graphene Brace Storage Medium Battery Processor Advanced Melee Analysis Suite Protection Zionite Heavy Carapace Weapon Experimental Jetlance Energy Gun Hypervelocity EM Gauss Rifle Ballistic Gun Assault Rifle Launcher Concept Tactical Fusion Warhead Impact Weapon Hammer Slashing Weapon Longsword +1 Piercing Weapon Experimental Jetlance Build | -11 -10 -10 -10 -9 -8 -8 -7 -7 -7 -7 -6 -6 -6 -6 -6 -6 -5 -5 -5 -4 -4 -4 -4 -4 -3 -3 -2 -2 -2 -1 -1 -1 ------- Run | Yrd Mat Min Exi Min Mat Gar Fac Low Low Dat Pro Fac Low Low Zio Dee Pro Fac Gar Fac Ext Cet Arc Hub Res Tes Res Qua Frg Acc Com Ac0 Slots Evolved 21 | 3 2 . . . 4 2 1 1 . . . . . . . . . 2 . 1 . . . . 1 . . 2 1 . 1 . Power 1 | . . . . . . . . . . . . . . . . . . . . 1 . . . . . . . . . . . . Propulsion 4 | 1 . . . . . 1 . 1 . . . . . . . . . 1 . . . . . . . . . . . . . . Utility 14 | 2 2 . . . 4 1 1 . . . . . . . . . . 1 . . . . . . 1 . . . 1 . 1 . Weapon 2 | . . . . . . . . . . . . . . . . . . . . . . . . . . . . 2 . . . . Parts Attached 181 | 1 13 . 1 2 8 4 20 5 3 . . 8 2 2 4 5 . 3 3 7 3 2 . . 5 15 3 2 40 6 9 5 Power 7 | . 1 . . . 1 . . . . . . 1 . . . . . . . 1 . . . . . 1 . . 2 . . . Engine 1 | . 1 . . . . . . . . . . . . . . . . . . . . . . . . . . . . . . . Core 6 | . . . . . 1 . . . . . . 1 . . . . . . . 1 . . . . . 1 . . 2 . . . Reactor . | . . . . . . . . . . . . . . . . . . . . . . . . . . . . . . . . . Propulsion 26 | . 4 . . . . 1 5 3 . . . 1 . . . . . 1 . 2 . . . . 3 2 . . 4 . . . Treads . | . . . . . . . . . . . . . . . . . . . . . . . . . . . . . . . . . Leg 1 | . . . . . . . . . . . . . . . . . . . . . . . . . . 1 . . . . . . Wheel . | . . . . . . . . . . . . . . . . . . . . . . . . . . . . . . . . . Hover . | . . . . . . . . . . . . . . . . . . . . . . . . . . . . . . . . . Flight 25 | . 4 . . . . 1 5 3 . . . 1 . . . . . 1 . 2 . . . . 3 1 . . 4 . . . Utility 132 | . 6 . . 2 7 3 15 2 3 . . 6 2 2 4 5 . 2 3 4 3 2 . . 2 10 3 1 28 6 7 4 Device 78 | . 2 . . . 4 . 5 2 2 . . 2 1 2 3 1 . 2 2 4 2 . . . 2 4 1 1 21 6 6 3 Storage 5 | . 3 . . . . . 1 . . . . . . . . . . . . . 1 . . . . . . . . . . . Processor 24 | . . . . 2 . . 6 . . . . 4 1 . . . . . . . . . . . . 1 2 . 7 . 1 . Hackware . | . . . . . . . . . . . . . . . . . . . . . . . . . . . . . . . . . Protection 25 | . 1 . . . 3 3 3 . 1 . . . . . 1 4 . . 1 . . 2 . . . 5 . . . . . 1 Artifact . | . . . . . . . . . . . . . . . . . . . . . . . . . . . . . . . . . Weapon 16 | 1 2 . 1 . . . . . . . . . . . . . . . . . . . . . . 2 . 1 6 . 2 1 Energy Gun 1 | . . . . . . . . . . . . . . . . . . . . . . . . . . 1 . . . . . . Energy Cannon . | . . . . . . . . . . . . . . . . . . . . . . . . . . . . . . . . . Ballistic Gun 1 | 1 . . . . . . . . . . . . . . . . . . . . . . . . . . . . . . . . Ballistic Cannon . | . . . . . . . . . . . . . . . . . . . . . . . . . . . . . . . . . Launcher 3 | . . . . . . . . . . . . . . . . . . . . . . . . . . . . . 1 . 2 . Special Weapon . | . . . . . . . . . . . . . . . . . . . . . . . . . . . . . . . . . Impact Weapon 2 | . 2 . . . . . . . . . . . . . . . . . . . . . . . . . . . . . . . Slashing Weapon 6 | . . . 1 . . . . . . . . . . . . . . . . . . . . . . 1 . 1 2 . . 1 Piercing Weapon 3 | . . . . . . . . . . . . . . . . . . . . . . . . . . . . . 3 . . . Special Melee Weapon . | . . . . . . . . . . . . . . . . . . . . . . . . . . . . . . . . . Unidentified Prototypes 58 | . . . 1 . 1 . 1 . 1 . . 2 . . 3 4 . . . 3 2 1 . . 2 14 . 3 15 2 2 1 Parts Lost 14 | . 1 . . . . . 9 . . . . . 2 . . . . . . . . . . . . 1 . . 1 . . . Power . | . . . . . . . . . . . . . . . . . . . . . . . . . . . . . . . . . Propulsion 3 | . 1 . . . . . 2 . . . . . . . . . . . . . . . . . . . . . . . . . Utility 11 | . . . . . . . 7 . . . . . 2 . . . . . . . . . . . . 1 . . 1 . . . Weapon . | . . . . . . . . . . . . . . . . . . . . . . . . . . . . . . . . . Highest Loss Streak 2 | . 1 . . . . . 2 . . . . . 1 . . . . . . . . . . . . 1 . . 1 . . . To Critical Strikes . | . . . . . . . . . . . . . . . . . . . . . . . . . . . . . . . . . Average Backups 2 | . . . . . 1 1 3 3 4 4 4 3 4 4 4 3 3 2 2 3 2 . 2 2 1 2 1 1 3 4 4 2 Power . | . . . . . . . . . . . . . . . . . . . . . . . . . . . . . . . . . Propulsion . | . . . . . . . . . . . . . . . . . . . . . . . . . . . . . . . . . Utility 2 | . . . . . 1 1 3 3 3 3 3 2 3 3 3 2 3 2 2 2 2 . 2 2 1 1 1 1 2 2 2 1 Weapon . | . . . . . . . . . . . . . . . . . . . . . . . . . . . . . . 1 . . Tool/Special . | . . . . . . . . . . . . . . . . . . . . . . . . . . . . . . . . . Unused Backups 6 | . . . . . . . . . . . . . . . . 1 . . . . . . . . . . 1 1 3 . . . Power . | . . . . . . . . . . . . . . . . . . . . . . . . . . . . . . . . . Propulsion 1 | . . . . . . . . . . . . . . . . . . . . . . . . . . . . . 1 . . . Utility 2 | . . . . . . . . . . . . . . . . . . . . . . . . . . . . 1 1 . . . Weapon 2 | . . . . . . . . . . . . . . . . . . . . . . . . . . . 1 . 1 . . . Tool/Special 1 | . . . . . . . . . . . . . . . . 1 . . . . . . . . . . . . . . . . Average Slot Usage (%) 94 | . 47 100 100 100 99 99 99 98 100 100 100 100 96 97 99 98 88 88 89 89 89 92 90 90 89 89 94 93 97 99 99 99 Core 7 | . . . . . 6 6 6 5 5 5 5 5 5 5 5 5 5 5 5 8 10 10 10 10 9 9 9 8 8 8 8 8 Flight 21 | . 23 22 22 22 17 15 18 20 23 23 23 23 23 23 23 23 23 23 26 25 25 25 25 25 23 23 23 22 20 19 20 20 Device 29 | . 3 22 22 22 27 37 37 34 32 29 29 29 25 26 28 27 17 21 21 20 19 22 20 20 22 25 24 27 33 36 39 40 Processor 19 | . . . . 10 17 14 20 28 23 23 23 23 26 29 23 23 23 21 21 20 20 20 20 20 19 19 22 22 21 20 20 16 Protection 5 | . 2 11 11 11 17 14 7 1 7 11 11 11 6 5 10 10 11 10 10 10 9 10 10 10 8 6 7 4 . . . 2 Slashing Weapon 4 | . . . 4 11 8 6 6 5 5 5 5 5 5 5 5 5 5 5 5 5 5 5 5 5 4 4 4 5 4 4 4 4 Piercing Weapon 2 | . . . . . . . . . . . . . . . . . . . . . . . . . . . . . 5 7 7 7 Peak Build Rating 268 | 1 11 11 17 21 43 50 68 73 75 72 72 81 81 83 90 94 94 105 107 122 123 128 122 122 137 154 152 168 252 254 260 268 Average Rating 146 | . 4 11 14 18 33 45 61 67 72 72 72 77 78 79 83 85 94 99 106 114 117 121 121 122 128 137 141 153 230 249 257 255 On Entrance 96 | . 1 11 11 17 21 43 50 63 73 72 72 72 81 77 83 84 94 94 105 106 117 123 122 122 122 137 152 139 168 250 251 258 Avg Prop Armor Cover (%) 5 | . . . . . . . . . . . . . . . 6 . . . . . . . . . . . . . 2 . . . Naked Turns . | . . . . . . . . . . . . . . . . . . . . . . . . . . . . . . . . . Heaviest Build 97 | 2 15 15 16 16 25 30 39 25 31 31 31 33 33 30 38 35 35 37 39 45 50 50 50 50 51 64 57 55 82 97 85 87 Greatest Support 86 | 3 18 18 18 18 27 35 41 45 36 36 36 38 38 38 38 38 38 45 45 47 56 56 56 53 61 82 76 62 86 86 86 86 Greatest Overweight (x) 2 | . . . . . . . . . . . . . . . 2 . . . . . 1 . . . . . . . 2 1 1 1 Average Overweight (x) . | . . . . . . . . . . . . . . . . . . . . . . . . . . . . . . . . . Largest Inventory Capacity 5 | 1 2 2 2 2 2 3 4 4 4 4 4 4 4 4 4 4 4 4 4 4 4 4 4 4 4 4 4 4 5 5 5 5 Average Capacity 3 | . 1 2 2 2 2 2 3 4 4 4 4 4 4 4 4 4 4 4 4 4 4 4 4 4 4 4 4 4 4 5 5 5 Most Carried 5 | . 2 2 2 2 2 3 4 4 4 4 4 4 4 4 4 4 4 4 4 4 4 4 3 3 4 4 4 4 5 5 5 5 Average Carried 3 | . . 2 1 . 1 2 3 3 4 4 4 3 4 4 4 3 4 3 3 3 3 1 2 3 2 3 3 3 3 4 4 3 Final Capacity 5 | 1 2 2 2 2 2 3 4 4 4 4 4 4 4 4 4 4 4 4 4 4 4 4 4 4 4 4 4 4 5 5 5 5 Final Carried 5 | . 2 2 2 1 2 2 3 4 4 4 4 4 4 4 4 4 4 4 4 4 4 3 3 3 3 4 4 4 5 5 4 5 Class Distribution -------------------- 39% | Scavenger-Sprinter 39% | Hacker-Sprinter 11% | Mutant 5% | Sprinter Dominant Class ---------------- Mutant | -10/Materials Mutant | -10/Mines Mutant | -10/Exiles Mutant | -9/Mines Mutant | -8/Materials Mutant | -8/Garrison Sprinter | -7/Factory Scavenger-Scout | -7/Lower Caves Scavenger-Scout | -7/Lower Caves Scavenger-Sprinter | -7/Data Miner Scavenger-Sprinter | -6/Proximity Caves Hacker-Sprinter | -6/Factory Hacker-Sprinter | -6/Lower Caves Hacker-Sprinter | -6/Lower Caves Hacker-Sprinter | -6/Zion Hacker-Sprinter | -6/Deep Caves Hacker-Sprinter | -5/Proximity Caves Hacker-Sprinter | -5/Factory Hacker-Sprinter | -5/Garrison Hacker-Sprinter | -4/Factory Hacker-Sprinter | -4/Extension Hacker-Sprinter | -4/Cetus Hacker-Sprinter | -4/Archives Hacker-Sprinter | -4/Hub_04(d) Hacker-Sprinter | -3/Research Hacker-Sprinter | -3/Testing Hacker-Sprinter | -2/Research Hacker-Sprinter | -2/Quarantine Scavenger-Sprinter | -2/Protoforge Scavenger-Sprinter | -1/Access Scavenger-Sprinter | -1/Command Scavenger-Sprinter | -1/Access_0 Resources | -11 -10 -10 -10 -9 -8 -8 -7 -7 -7 -7 -6 -6 -6 -6 -6 -6 -5 -5 -5 -4 -4 -4 -4 -4 -3 -3 -2 -2 -2 -1 -1 -1 ----------- Run | Yrd Mat Min Exi Min Mat Gar Fac Low Low Dat Pro Fac Low Low Zio Dee Pro Fac Gar Fac Ext Cet Arc Hub Res Tes Res Qua Frg Acc Com Ac0 Matter Collected 11713 | 210 186 10 . 30 90 50 296 85 20 . 10 106 20 41 60 100 . 40 50 130 261 70 10 . 155 349 176 126 6818 775 1329 110 Remotely 6879 | . . . . . . . . . . . . . . 10 . . . . . . . . . . . . . . 5699 390 780 . Salvage Created 107601 | . 1167 113 . 362 1914 1384 6656 557 307 . 29 484 776 612 . 902 391 1618 2575 1401 2539 580 380 . 1661 1478 1417 1175 23424 17187 33038 3474 Parts 4712 | . 45 . . 12 143 102 227 34 30 . 11 42 39 19 . 47 26 83 130 84 106 29 10 . 63 68 111 36 1061 640 1222 292 Haulers Intercepted 10 | . 2 . . . 1 . . . 1 . . . . . . . . . . . . . . . . . . 2 . 4 . . Recyclers Shooed . | . . . . . . . . . . . . . . . . . . . . . . . . . . . . . . . . . Parts Field Recycled . | . . . . . . . . . . . . . . . . . . . . . . . . . . . . . . . . . Retrieved Matter . | . . . . . . . . . . . . . . . . . . . . . . . . . . . . . . . . . Parts Self-Destructed 142 | . . . . . . . . 16 32 . 11 . 38 19 . . 26 . . . . . . . . . . . . . . . Prevented . | . . . . . . . . . . . . . . . . . . . . . . . . . . . . . . . . . Parts Restored 4 | . . . . . . . . . . . . . . . . . . . . . . . . . . . . . 4 . . . Faulty 4 | . . . . . . . . . . . . . . . . . . . . . . . . . . . . . 4 . . . Kills | -11 -10 -10 -10 -9 -8 -8 -7 -7 -7 -7 -6 -6 -6 -6 -6 -6 -5 -5 -5 -4 -4 -4 -4 -4 -3 -3 -2 -2 -2 -1 -1 -1 ------- Run | Yrd Mat Min Exi Min Mat Gar Fac Low Low Dat Pro Fac Low Low Zio Dee Pro Fac Gar Fac Ext Cet Arc Hub Res Tes Res Qua Frg Acc Com Ac0 Combat Hostiles Destroyed 1987 | . 32 3 . 7 53 42 154 15 13 . 5 16 12 8 . 17 12 33 43 25 41 8 4 . 17 21 30 11 522 251 546 46 Melee 1598 | . 21 . . 7 53 42 153 15 13 . 5 16 12 8 . 17 12 33 43 25 41 8 4 . 17 21 30 11 247 248 450 46 Guns 1 | . 1 . . . . . . . . . . . . . . . . . . . . . . . . . . . . . . . AOE 374 | . . . . . . . . . . . . . . . . . . . . . . . . . . . . . 275 3 96 . Classes Destroyed 33 | . 5 . . 3 5 5 3 1 . . . 1 . . . 2 . . . 2 . . . . . 1 . . 5 . . . Worker 11 | . . . . . 1 . . . . . . . . . . . . . . . . . . . . . . . 3 3 4 . Builder 8 | . 1 . . . 2 . . . . . . . . . . . . . . 1 . . . . . . 1 . 1 2 . . Hauler 10 | . 2 . . . 1 . . . 1 . . . . . . . . . . . . . . . . . . 2 . 4 . . Recycler 9 | . 3 . . 2 1 . . . . . . . . . . . . . . . . . . . . . . . . 2 1 . Carrier 5 | . . . . . . . . . . . . . . . . . . . . . . . . . . . . . 3 . 2 . Mechanic 47 | . . . . . . . 1 . . . . . . . . . . . . . 1 . . . 1 . . . 23 10 11 . Operator 7 | . . . . . 1 . . . . . . . . . . . . . . . . . . . . 1 . 1 . 2 2 . Drone 44 | . . . . . . . . . . . . 4 . . . . . . . . . . . . . . 1 . 13 10 16 . Watcher 46 | . . . . . . . 2 . . . . 3 . . . . . 1 . 2 1 2 . . 2 . 4 . 7 9 13 . Swarmer 148 | . 3 . . . 7 11 9 7 3 . 4 2 . . . . 9 7 8 . . . . . . . 4 5 9 20 40 . Cutter 24 | . . . . . . 2 . . . . . . . . . . . 3 . . . . . . . . . . . 7 12 . Saboteur 63 | . . . . . . . . . . . . . . . . . . . . 1 1 . . . . . . . 28 10 23 . Grunt 598 | . 29 3 . 2 28 9 49 1 8 . . 4 7 6 . . . 10 17 6 20 . . . 5 5 . 3 157 86 143 . Brawler 96 | . . . . . . 1 6 . . . . . 1 1 . . . . . . 2 . . . . . . . 29 18 38 . Duelist 117 | . . . . 2 1 . 8 2 . . . 1 1 . . . . . 3 3 8 . . . . 2 . . 38 14 34 . Protector 85 | . . . . . . . 11 . . . . . . . . . . . . 2 . . . . . . . . 36 14 22 . Researcher 7 | . . . . . . . . . . . . . . . . . . . . . . . . . . 1 . 1 5 . . . Sentry 125 | . . . . . 11 13 11 1 1 . 1 3 1 1 . . . 6 12 4 5 . 4 . 7 . 4 3 21 10 6 . Demolisher 16 | . . . . 2 . 1 . . . . . . . . . . . . . . . . . . . . . . . 2 11 . Specialist 28 | . . . . . . 2 . . . . . . . . . . . . . . . . . . . . . . 3 . 23 . Hunter 162 | . . . . . 5 1 42 . . . . . 2 . . . 3 3 . . 3 . . . 2 2 9 . 25 7 58 . Programmer 235 | . . . . . . 2 18 . . . . 2 . . . . . 4 2 8 . . . . 2 12 10 . 72 23 80 . Heavy 7 | . . . . . 1 . . . . . . . . . . . . . . . . . . . . . . . . 3 3 . Q-Series 5 | . . . . . . . . . . . . . . . . . . . . . . . . . . . . . 2 3 . . Behemoth 11 | . . . . . . 1 . . 1 . . . . . . . . . 1 . 2 . . . . . . . 1 2 3 . Armor Guard 1 | . . . . . . . . . . . . . . . . . . . . . . . . . 1 . . . . . . . Cetus Guard 8 | . . . . . . . . . . . . . . . . . . . . . . 8 . . . . . . . . . . M Guard 1 | . . . . . . . . . . . . . . . . . . . . . . . . . . . . . . . 1 . Enhanced Grunt 29 | . . . . . . . . . . . . . . . . . . . . . . . . . . . . . . . . 29 Enhanced Sentry 2 | . . . . . . . . . . . . . . . . . . . . . . . . . . . . . . . . 2 Enhanced Hunter 8 | . . . . . . . . . . . . . . . . . . . . . . . . . . . . . . . . 8 Hotshot 20 | . . . . . . . . . . . . . . . . . . . . . . . . . . . . . 20 . . . Decapitator 15 | . . . . . . . . . . . . . . . . . . . . . . . . . . . . . 15 . . . Immortal 4 | . . . . . . . . . . . . . . . . . . . . . . . . . . . . . 4 . . . Overlord 1 | . . . . . . . . . . . . . . . . . . . . . . . . . . . . . 1 . . . Combat Programmer 3 | . . . . . . . . . . . . . . . . . . . . . . . . . . . 1 . . . 2 . Investigator 5 | . . . . . . . . . . . . . . . . . . . . . . . . . . . . . 2 2 1 . Striker 42 | . . . . . . . . . . . . . . . . . . . . 1 . . . . . . . . 18 12 11 . Executioner 44 | . . . . . . . . . . . . . . . . . . . . . . . . . . . . . 18 10 16 . Alpha 7 6 | . . . . . . . . . . . . . . . . . . . . . . . . . . . . . 4 . 2 . V-Series 8 | . . . . . . . . . . . . . . . . . . . . . . . . . . . . . 8 . . . Z-Light 9 | . . . . . . . . . . . . . . . . 9 . . . . . . . . . . . . . . . . Assembled 6 | . . . . 1 . . . . . . . . . . . 5 . . . . . . . . . . . . . . . . Golem 3 | . . . . . . . . . . . . . . . . 3 . . . . . . . . . . . . . . . . Thug 4 | . . . . . . . . 4 . . . . . . . . . . . . . . . . . . . . . . . . Mutant 2 | . . . . . . . . 1 . . . . 1 . . . . . . . . . . . . . . . . . . . Commander 1 | . . . . . . . . 1 . . . . . . . . . . . . . . . . . . . . . . . . Best Kill Streak 136 | . 5 2 . 2 6 10 57 7 6 . 4 4 4 7 . 8 5 6 5 5 4 4 2 . 5 7 7 5 57 136 70 8 Combat Bots Only 126 | . 5 2 . 2 6 10 57 7 5 . 4 4 4 7 . 8 5 6 5 5 4 4 2 . 5 6 6 5 56 126 70 8 Max Kills in Single Turn 24 | . 1 1 . 1 1 1 1 1 1 . 1 1 1 1 . 1 1 1 1 1 1 1 1 . 1 1 1 1 17 5 24 1 Gunslinging . | . . . . . . . . . . . . . . . . . . . . . . . . . . . . . . . . . Exploded 24 | . . . . . . . . . . . . . . . . . . . . . . . . . . . . . 13 3 24 . Melee 3 | . 1 . . 1 1 1 1 1 1 . 1 1 1 1 . 1 1 1 1 1 1 1 1 . 1 1 1 1 2 2 3 1 Uniques/NPCs Destroyed 11 | . . . . . . . . . . . . . . . . . . . . . . 1 . . . . 1 . . . 2 7 Revision 17 (-4/Cetus) CL-0N3 (-2/Research) MAIN.C Shell (-1/Command) MAIN.C (-1/Command) A8 (-1/Access_0) A6 (-1/Access_0) A5 (-1/Access_0) A4 (-1/Access_0) A2 (-1/Access_0) A3 (-1/Access_0) Architect (-1/Access_0) Combat | -11 -10 -10 -10 -9 -8 -8 -7 -7 -7 -7 -6 -6 -6 -6 -6 -6 -5 -5 -5 -4 -4 -4 -4 -4 -3 -3 -2 -2 -2 -1 -1 -1 -------- Run | Yrd Mat Min Exi Min Mat Gar Fac Low Low Dat Pro Fac Low Low Zio Dee Pro Fac Gar Fac Ext Cet Arc Hub Res Tes Res Qua Frg Acc Com Ac0 Hostile Shots Fired 7572 | . 154 18 . 19 172 133 744 29 39 . 26 120 42 26 . 68 45 171 139 161 270 46 26 52 168 217 269 58 1051 1340 1537 432 Missed 3943 | . 54 5 . 8 74 48 381 10 27 . 16 67 25 9 . 20 11 86 75 89 145 26 11 39 94 123 139 26 549 708 845 233 Hits 3629 | . 100 13 . 11 98 85 363 19 12 . 10 53 17 17 . 48 34 85 64 72 125 20 15 13 74 94 130 32 502 632 692 199 Melee 172 | . . . . . 2 2 28 5 . . . 2 2 1 . 1 . 4 3 11 21 . . . . 3 . . 34 14 30 9 Projectile 3457 | . 100 13 . 11 96 83 335 14 12 . 10 51 15 16 . 47 34 81 61 61 104 20 15 13 74 91 130 32 468 618 662 190 AOE 45 | . . . . 6 . . . . . . . 2 . . . . . . . 1 . . . . . . . . 13 5 18 . Critical Strikes 255 | . 2 1 . . 2 4 9 2 1 . . 18 1 1 . . 1 13 7 8 17 5 . 1 2 10 6 1 56 26 37 24 Actively Blocked 208 | . . 1 . . 1 4 9 2 1 . . 18 1 1 . . 1 13 2 . . 2 . . 2 10 6 1 56 17 36 24 Part Disruptions 8 | . . . . . . . . . . . . . . . . . . . . . . . . . . . . . 1 . 5 2 Actively Blocked 7 | . . . . . . . . . . . . . . . . . . . . . . . . . . . . . . . 5 2 Damage Taken 42081 | . 1136 132 . 219 1440 1084 4077 431 144 . 102 1096 312 280 . 1334 397 1444 995 1364 2222 362 227 220 1017 1296 1547 304 5577 2856 5929 4537 Core 28792 | . 1003 104 . 185 931 626 2713 360 81 . 43 671 181 165 . 859 162 667 447 591 1085 200 94 86 466 871 735 174 4416 2332 4857 3687 Absorbed by Shields 19781 | . 9 49 . 78 419 376 1282 . . . . . . 10 . 455 152 522 358 486 973 160 120 80 494 356 672 184 3542 4856 4017 131 Redirected to Core 22318 | . 421 61 . 96 588 522 2196 252 57 . 43 593 171 125 . 675 162 637 418 562 918 189 94 86 377 592 627 168 3553 1716 3850 2569 Redirected to Shielding 203 | . 2 8 . 4 48 . . . . . . . . . . . . . . . . . . . . . . . . . . 141 Ignored by Resistances 25789 | . . . . . . . 554 . . . . 53 . . . . . . 95 97 201 77 59 51 228 171 569 92 5645 8294 7716 1887 Regen/Repaired (Parts) 193 | . . . . . . . . . . . . . . . . . . . . . . . . . . . . 6 187 . . . Core Remaining (%) 97 | 100 . . . 99 . 100 . . . . 100 . . . . . 98 . 100 . . . . 92 . 92 . . 100 . . 90 Volleys Fired 121 | . 22 . . . . . . . . . . . . . . . . . . . . . . . . . . . 81 7 11 . Largest 1 | . 1 . . . . . . . . . . . . . . . . . . . . . . . . . . . 1 1 1 . Hottest 35 | . 20 . . . . . . . . . . . . . . . . . . . . . . . . . . . 35 35 35 . Shots Fired 122 | . 22 . . . . . . . . . . . . . . . . . . . . . . . . . . . 82 7 11 . Gun 22 | . 22 . . . . . . . . . . . . . . . . . . . . . . . . . . . . . . . Cannon . | . . . . . . . . . . . . . . . . . . . . . . . . . . . . . . . . . Launcher 100 | . . . . . . . . . . . . . . . . . . . . . . . . . . . . . 82 7 11 . Special . | . . . . . . . . . . . . . . . . . . . . . . . . . . . . . . . . . Kinetic 22 | . 22 . . . . . . . . . . . . . . . . . . . . . . . . . . . . . . . Thermal . | . . . . . . . . . . . . . . . . . . . . . . . . . . . . . . . . . Explosive 100 | . . . . . . . . . . . . . . . . . . . . . . . . . . . . . 82 7 11 . Electromagnetic . | . . . . . . . . . . . . . . . . . . . . . . . . . . . . . . . . . Robot Hit Streak 24 | . 9 . . . . . . . . . . . . . . . . . . . . . . . . . . . 20 21 24 . Robot Miss Streak 2 | . 2 . . . . . . . . . . . . . . . . . . . . . . . . . . . 1 . . . Penetration Max . | . . . . . . . . . . . . . . . . . . . . . . . . . . . . . . . . . Secondary Targets . | . . . . . . . . . . . . . . . . . . . . . . . . . . . . . . . . . Shots Hit Robots 4282 | . 98 10 . 16 158 104 414 50 32 . 10 52 38 28 . 102 27 97 130 100 177 45 24 . 106 88 132 35 553 487 928 241 Core Hits 2581 | . 22 . . 8 58 40 178 20 14 . 4 19 13 12 . 30 10 39 60 39 68 18 8 . 34 29 48 15 853 251 589 102 Critical Kills 1 | . 1 . . . . . . . . . . . . . . . . . . . . . . . . . . . . . . . Critical Parts Destroyed 17 | . 14 3 . . . . . . . . . . . . . . . . . . . . . . . . . . . . . . Critical Strikes 1222 | . 15 3 . . 15 14 56 7 4 . . 6 6 6 . 2 1 15 13 13 28 5 2 . 10 11 14 3 226 210 442 95 Destroy 1 | . 1 . . . . . . . . . . . . . . . . . . . . . . . . . . . . . . . Smash 17 | . 14 3 . . . . . . . . . . . . . . . . . . . . . . . . . . . . . . Sever 254 | . . . . . 15 14 56 7 4 . . 6 6 6 . 2 1 15 13 13 28 5 2 . 10 11 14 3 18 . 4 1 Impale 950 | . . . . . . . . . . . . . . . . . . . . . . . . . . . . . 208 210 438 94 Melee Attacks 4972 | . 95 12 1 16 165 149 434 51 32 . 11 78 39 28 1 104 27 102 177 108 184 65 38 . 123 104 137 51 646 582 1130 282 Impact 107 | . 95 12 . . . . . . . . . . . . . . . . . . . . . . . . . . . . . . Slashing 2553 | . . . 1 16 165 149 434 51 32 . 11 78 39 28 1 104 27 102 177 108 184 65 38 . 123 104 137 51 151 53 78 46 Piercing 2312 | . . . . . . . . . . . . . . . . . . . . . . . . . . . . . 495 529 1052 236 Sneak Attacks 164 | . 6 1 . 2 7 5 3 4 1 . . 1 2 . . 3 1 2 2 6 4 . . . 3 1 2 2 30 21 55 . Combat Hostiles 57 | . . . . . 1 . 2 1 . . . 1 . . . 2 1 2 1 4 3 . . . 2 . . . 6 5 26 . Follow-up Attacks 310 | . . . . . . . . . . . . . . . . . . . . . . . . . . . . 3 60 68 92 87 Martial Strikes 657 | . . . . . . . . . . . . . . . . . . . . . . . . . . . . . 153 166 332 6 Damage Inflicted 498752 | . 2575 358 . 924 7991 5834 22150 2900 1798 . 582 3153 2249 1603 . 6286 1560 5572 8433 6007 10068 2694 1422 . 6450 5350 8014 3221 155246 60429 141895 23988 Guns 218 | . 218 . . . . . . . . . . . . . . . . . . . . . . . . . . . . . . . Cannons . | . . . . . . . . . . . . . . . . . . . . . . . . . . . . . . . . . Explosions 121893 | . . . . . . . . . . . . . . . . . . . . . . . . . . . . . 93509 1961 26423 . Melee 376639 | . 2355 358 . 924 7991 5834 22150 2900 1798 . 582 3153 2249 1603 . 6286 1560 5572 8433 6007 10068 2694 1422 . 6450 5350 8014 3221 61737 58468 115472 23988 Ramming 2 | . 2 . . . . . . . . . . . . . . . . . . . . . . . . . . . . . . . Kinetic 218 | . 218 . . . . . . . . . . . . . . . . . . . . . . . . . . . . . . . Thermal . | . . . . . . . . . . . . . . . . . . . . . . . . . . . . . . . . . Explosive 121893 | . . . . . . . . . . . . . . . . . . . . . . . . . . . . . 93509 1961 26423 . Electromagnetic . | . . . . . . . . . . . . . . . . . . . . . . . . . . . . . . . . . Impact 2713 | . 2355 358 . . . . . . . . . . . . . . . . . . . . . . . . . . . . . . Slashing 138630 | . . . . 924 7991 5834 22150 2900 1798 . 582 3153 2249 1603 . 6286 1560 5572 8433 6007 10068 2694 1422 . 6450 5350 8014 3221 12699 3624 4620 3426 Piercing 235296 | . . . . . . . . . . . . . . . . . . . . . . . . . . . . . 49038 54844 110852 20562 Highest Corruption 14 | . . . . . . . 3 3 8 8 8 1 1 1 1 . . . . 2 2 2 2 3 3 14 11 11 12 7 11 . Average Corruption 5 | . . . . . . . 2 3 5 8 8 1 1 1 1 . . . . 2 2 2 2 2 2 5 7 11 7 5 8 . Corruption Purged 53 | . . . . . . . 6 . . . . . . . . . . . . . . . . . . . . . 36 . 11 . Corruption Blocked . | . . . . . . . . . . . . . . . . . . . . . . . . . . . . . . . . . Effects 451 | . . . . . . . 10 8 6 1 9 4 3 4 . . . . . 13 26 1 . . 6 22 38 25 113 30 132 . Message Errors 115 | . . . . . . . 1 1 3 . 2 2 . . . . . . . 5 8 . . . 1 7 5 5 24 8 43 . Matter Fused 120 | . . . . . . . 3 3 . . 1 . 1 2 . . . . . 3 8 1 . . 1 8 11 8 31 6 33 . Heat Flow Errors 54 | . . . . . . . 3 1 . . 1 . 1 . . . . . . . 1 . . . 2 1 9 3 14 4 14 . Energy Discharges 60 | . . . . . . . 2 2 . . 3 . 1 . . . . . . 1 5 . . . 1 4 6 1 16 4 14 . Parts Rejected 4 | . . . . . . . . . . . . . . . . . . . . . . . . . . . . 1 2 1 . . Parts Fused 4 | . . . . . . . . . . . . . . 1 . . . . . . . . . . . . . . 2 . 1 . Data Loss (minor) 54 | . . . . . . . 1 . 2 1 1 1 . 1 . . . . . 3 1 . . . 1 1 3 1 15 5 17 . Data Loss (major) 16 | . . . . . . . . 1 . . 1 . . . . . . . . 1 2 . . . . . 2 1 1 2 5 . Misfires 1 | . . . . . . . . . . . . . . . . . . . . . . . . . . . . . 1 . . . Alerts 8 | . . . . . . . . . 1 . . 1 . . . . . . . . 1 . . . . . 1 1 2 . 1 . Misdirections 15 | . . . . . . . . . . . . . . . . . . . . . . . . . . 1 1 4 5 . 4 . Overload Shots . | . . . . . . . . . . . . . . . . . . . . . . . . . . . . . . . . . Overflow Damage 80776 | . 553 118 . 98 477 205 951 139 110 . 40 270 134 35 . 627 116 143 300 402 398 75 . . 235 335 742 264 21172 16391 33917 2529 Projectiles . | . . . . . . . . . . . . . . . . . . . . . . . . . . . . . . . . . Explosions 6462 | . . . . . . . . . . . . . . . . . . . . . . . . . . . . . 5080 204 1178 . Melee 74314 | . 553 118 . 98 477 205 951 139 110 . 40 270 134 35 . 627 116 143 300 402 398 75 . . 235 335 742 264 16092 16187 32739 2529 Knockbacks 20 | . 17 3 . . . . . . . . . . . . . . . . . . . . . . . . . . . . . . Impact 20 | . 17 3 . . . . . . . . . . . . . . . . . . . . . . . . . . . . . . Kinetic . | . . . . . . . . . . . . . . . . . . . . . . . . . . . . . . . . . Secondary . | . . . . . . . . . . . . . . . . . . . . . . . . . . . . . . . . . Self-Inflicted Damage 275 | . 1 . . . . . . . . . . . . . . . . . . . . . . . . . . . 73 117 84 . Shots 5 | . . . . . . . . . . . . . . . . . . . . . . . . . . . . . 3 1 1 . Rammed 1 | . 1 . . . . . . . . . . . . . . . . . . . . . . . . . . . . . . . Targets Rammed 1 | . 1 . . . . . . . . . . . . . . . . . . . . . . . . . . . . . . . Kicked . | . . . . . . . . . . . . . . . . . . . . . . . . . . . . . . . . . Crushed . | . . . . . . . . . . . . . . . . . . . . . . . . . . . . . . . . . Highest Temperature 449 | . . . . . . . 300 104 . . 196 23 141 1 . 4 . 12 9 10 166 21 4 . 260 449 301 117 166 140 231 . Average Temperature 79 | . . . . . . . 101 54 . . 98 9 57 1 . 3 . 5 8 10 60 10 4 . 107 63 87 66 73 83 89 . Received Heat Transfer 4074 | . 600 68 . 16 260 234 512 54 39 . 24 147 48 110 . 246 . 255 219 144 338 71 48 6 165 50 42 58 166 40 18 96 Effects 5 | . . . . . . . . . . . . . . . . . . . . . . . . . 1 1 . . . . 3 . Shutdowns 1 | . . . . . . . . . . . . . . . . . . . . . . . . . . 1 . . . . . . Energy Bleed 1 | . . . . . . . . . . . . . . . . . . . . . . . . . 1 . . . . . . . Interference 3 | . . . . . . . . . . . . . . . . . . . . . . . . . . . . . . . 3 . Siege Activations . | . . . . . . . . . . . . . . . . . . . . . . . . . . . . . . . . . Martial Activations . | . . . . . . . . . . . . . . . . . . . . . . . . . . . . . . . . . Shielding Activations . | . . . . . . . . . . . . . . . . . . . . . . . . . . . . . . . . . Robots Disrupted . | . . . . . . . . . . . . . . . . . . . . . . . . . . . . . . . . . Combat Hostiles . | . . . . . . . . . . . . . . . . . . . . . . . . . . . . . . . . . Robots Corrupted 16 | . 13 3 . . . . . . . . . . . . . . . . . . . . . . . . . . . . . . Combat Hostiles 13 | . 10 3 . . . . . . . . . . . . . . . . . . . . . . . . . . . . . . Parts Fried 26 | . 21 3 . . . . 1 . . . . . . . . . . . . . . . . . . . . . . . 1 . Impact Corruptions 31 | . 26 5 . . . . . . . . . . . . . . . . . . . . . . . . . . . . . . Robots Melted . | . . . . . . . . . . . . . . . . . . . . . . . . . . . . . . . . . Combat Hostiles . | . . . . . . . . . . . . . . . . . . . . . . . . . . . . . . . . . Parts Melted 6 | . . . . . . . 4 1 . . . . . . . . . 1 . . . . . . . . . . . . . . Heat Transferred . | . . . . . . . . . . . . . . . . . . . . . . . . . . . . . . . . . Parts Sabotaged 8 | . . . . . . . . . . . . . . . . . . . . . . . . . . . . . 2 4 2 . Parts Stolen . | . . . . . . . . . . . . . . . . . . . . . . . . . . . . . . . . . Parts Stripped . | . . . . . . . . . . . . . . . . . . . . . . . . . . . . . . . . . Power Chain Reactions . | . . . . . . . . . . . . . . . . . . . . . . . . . . . . . . . . . Alert | -11 -10 -10 -10 -9 -8 -8 -7 -7 -7 -7 -6 -6 -6 -6 -6 -6 -5 -5 -5 -4 -4 -4 -4 -4 -3 -3 -2 -2 -2 -1 -1 -1 ------- Run | Yrd Mat Min Exi Min Mat Gar Fac Low Low Dat Pro Fac Low Low Zio Dee Pro Fac Gar Fac Ext Cet Arc Hub Res Tes Res Qua Frg Acc Com Ac0 Maximum Alert Level 5 | . 3 1 . . 4 5 5 . . . . 1 . . . . . 3 5 4 5 4 2 1 2 3 3 3 5 5 5 . Low Security (%) 8 | 100 31 56 . 100 15 . . . . . . 93 . . . . . 8 . . . . . 6 27 . . . . . . . Level 1 6 | . 18 43 . . 26 . . . . . . 6 . . . . . 37 . . . . . 93 32 57 . . 2 . . . Level 2 15 | . 49 . . . 20 . . . . . . . . . . . . 46 13 . 22 . 100 . 40 33 96 66 6 . . . Level 3 9 | . . . . . 28 18 . . . . . . . . . . . 7 31 . 41 6 . . . 8 3 33 14 . . . Level 4 14 | . . . . . 8 22 29 . . . . . . . . . . . 28 100 18 93 . . . . . . 7 . . . Level 5 14 | . . . . . . 58 2 . . . . . . . . . . . 26 . 4 . . . . . . . 39 35 7 . High Security 31 | . . . . . . . 68 . . . . . . . . . . . . . 12 . . . . . . . 31 64 92 . Max Security . | . . . . . . . . . . . . . . . . . . . . . . . . . . . . . . . . . Sterilizations 2 | . . . . . 1 . 1 . . . . . . . . . . . . . . . . . . . . . . . . . Peak Influence 27820 | . 700 265 . 80 1251 2440 6245 . . . . 210 . . . . . 715 2153 1591 1975 1185 524 251 613 877 850 837 15229 16073 27820 . Initial 10286 | . . 265 . . . 810 1281 . . . . . . . . . . 54 496 1129 779 1105 464 176 131 344 486 477 461 9136 10286 . Average 5264 | . 328 205 . 30 549 1617 3200 . . . . 92 . . . . . 466 1256 1350 1050 1133 487 221 354 437 572 644 5826 11617 19049 . Influence Increases 62748 | . 1104 124 . 160 1747 1650 5474 275 285 . 125 539 290 190 . . 285 981 1657 1216 1967 255 110 95 886 966 890 557 15530 7279 17880 231 Destroy 0b10 Robot/C 36700 | . 640 80 . 120 1060 880 2880 200 260 . 100 240 240 160 . . 240 660 860 460 1160 160 80 . 320 520 540 240 9740 4680 10180 . Destroy 0b10 Robot/NC 1350 | . 30 . . 10 30 . 70 5 5 . . 15 . 10 . . 5 5 30 25 20 10 . . 15 10 30 15 410 210 390 . Destroy Leader 4458 | . 154 20 . 30 302 30 494 10 20 . 10 66 50 20 . . 40 142 40 94 136 . . . 104 80 118 14 1204 682 598 . Allied During Kill 432 | . . 9 . . . 36 1 . . . . . . . . . . . . . 307 . . . . 79 . . . . . . Successful Hack 551 | . . . . . . 18 45 . . . . 31 . . . . . 31 24 21 32 10 . . 55 20 52 21 50 96 45 . Select Force Hacks 440 | . 130 . . . 260 . . . . . . . . . . . . . . . . . . 50 . . . . . . . . Disable Machine 2370 | . 15 . . . . 30 . . . . . 15 . . . . . . 60 . 45 15 . . . 105 . 60 1755 30 60 180 Anti-Garrison Action 1200 | . . . . . . 500 . . . . . . . . . . . . 250 . . . . . 150 . . . 150 150 . . Destroy Structure 3427 | . . . . . 5 141 19 . . . . 22 . . . . . 8 168 16 72 . . . 32 62 15 27 1201 591 1027 21 Partial Spotted 1305 | . 30 . . . 45 . 90 . . . . 30 . . . . . 60 . 60 45 . 30 . 60 45 60 45 150 240 285 30 Lose Combat Pursuer 10515 | . 105 15 . . 45 15 1875 60 . . 15 120 . . . . . 75 225 540 150 60 . 45 150 45 75 135 870 600 5295 . Influence Decreases 62517 | . 421 628 179 160 500 457 1689 2542 923 3320 125 329 320 225 145 . 198 359 213 1778 1583 1068 768 348 524 713 906 587 1121 6435 5807 28146 Entered New Map 54333 | . . 418 179 . . 437 1159 2304 753 3320 . . 78 35 145 . . 33 213 1024 812 870 698 328 120 269 380 373 359 6093 5787 28146 Time Decay 7514 | . 411 170 . 160 500 . 380 238 170 . 125 329 222 190 . . 198 326 . 604 571 198 70 20 404 374 526 214 752 342 20 . Lost Part 140 | . 10 . . . . . 90 . . . . . 20 . . . . . . . . . . . . 10 . . 10 . . . Lost Ally 380 | . . 40 . . . 20 60 . . . . . . . . . . . . . 200 . . . . 60 . . . . . . Purge Threat 150 | . . . . . . . . . . . . . . . . . . . . 150 . . . . . . . . . . . . Squads Dispatched 367 | . 13 . . . 16 . 53 . . . . 8 . . . . . 4 . 15 17 . . 4 8 9 7 3 102 70 38 . Investigation 37 | . 11 . . . 12 . 3 . . . . 2 . . . . . 1 . 2 1 . . 1 2 1 . . 1 . . . Extermination 43 | . . . . . . . 2 . . . . 5 . . . . . 1 . 7 . . . . 2 4 6 2 9 5 . . Reinforcement 28 | . 2 . . . 1 . 1 . . . . 1 . . . . . 2 . 1 1 . . 1 1 2 1 1 4 7 2 . Assault 255 | . . . . . . . 47 . . . . . . . . . . . . 5 15 . . 2 3 2 . . 88 57 36 . Garrison 4 | . . . . . 3 . . . . . . . . . . . . . . . . . . . . . . . . 1 . . Intercept . | . . . . . . . . . . . . . . . . . . . . . . . . . . . . . . . . . Searches Triggered . | . . . . . . . . . . . . . . . . . . . . . . . . . . . . . . . . . Unchained Authorized 5 | . . . . . . . . . . . . 1 . . . . . 1 . . . . . . 1 . 1 . . 1 . . Data Miner Redirects 2 | . . . . . . . . . . . . . . . . . . . . . 1 . . . 1 . . . . . . . Construction Impeded 1 | . . . . . . . . . . . . . . . . . . . . . . . . . . 1 . . . . . . Haulers Reinforced . | . . . . . . . . . . . . . . . . . . . . . . . . . . . . . . . . . Active Scanning Responses . | . . . . . . . . . . . . . . . . . . . . . . . . . . . . . . . . . Cargo Convoy Interrupts 1 | . . . . . . . . . . . . . . . . . . . . 1 . . . . . . . . . . . . Stealth | -11 -10 -10 -10 -9 -8 -8 -7 -7 -7 -7 -6 -6 -6 -6 -6 -6 -5 -5 -5 -4 -4 -4 -4 -4 -3 -3 -2 -2 -2 -1 -1 -1 --------- Run | Yrd Mat Min Exi Min Mat Gar Fac Low Low Dat Pro Fac Low Low Zio Dee Pro Fac Gar Fac Ext Cet Arc Hub Res Tes Res Qua Frg Acc Com Ac0 Distress Signals 37 | . 3 . . . 3 . 1 . . . . 1 . . . . . 2 . 1 . 2 . 1 1 3 1 . 3 5 10 . Communications Jammed . | . . . . . . . . . . . . . . . . . . . . . . . . . . . . . . . . . Distress Signals . | . . . . . . . . . . . . . . . . . . . . . . . . . . . . . . . . . Times Spotted 2738 | . 50 5 . 20 73 43 340 17 19 . 6 47 12 8 . 22 12 51 49 69 116 14 4 25 57 45 54 29 399 356 728 68 Peak Tracking Total 68 | . 7 2 9 20 8 6 37 4 6 . 4 8 3 4 . 4 5 7 8 12 42 5 2 23 20 10 11 6 50 23 68 8 Tactical Retreats 188 | . 4 1 . 1 3 1 37 2 . . 1 4 . . . . . 2 5 13 5 1 . 1 5 2 4 3 28 17 48 . Traps | -11 -10 -10 -10 -9 -8 -8 -7 -7 -7 -7 -6 -6 -6 -6 -6 -6 -5 -5 -5 -4 -4 -4 -4 -4 -3 -3 -2 -2 -2 -1 -1 -1 ------- Run | Yrd Mat Min Exi Min Mat Gar Fac Low Low Dat Pro Fac Low Low Zio Dee Pro Fac Gar Fac Ext Cet Arc Hub Res Tes Res Qua Frg Acc Com Ac0 Traps Triggered 60 | . 4 . . . 2 . 8 . . . . . . . . . . 2 7 1 7 . . 1 . 1 . . 20 5 2 . Indirectly . | . . . . . . . . . . . . . . . . . . . . . . . . . . . . . . . . . Trap Hack Attempts . | . . . . . . . . . . . . . . . . . . . . . . . . . . . . . . . . . Triggered . | . . . . . . . . . . . . . . . . . . . . . . . . . . . . . . . . . Disarmed . | . . . . . . . . . . . . . . . . . . . . . . . . . . . . . . . . . Reprogrammed . | . . . . . . . . . . . . . . . . . . . . . . . . . . . . . . . . . Reused . | . . . . . . . . . . . . . . . . . . . . . . . . . . . . . . . . . Traps Extracted . | . . . . . . . . . . . . . . . . . . . . . . . . . . . . . . . . . Installed . | . . . . . . . . . . . . . . . . . . . . . . . . . . . . . . . . . Triggered . | . . . . . . . . . . . . . . . . . . . . . . . . . . . . . . . . . Machines | -11 -10 -10 -10 -9 -8 -8 -7 -7 -7 -7 -6 -6 -6 -6 -6 -6 -5 -5 -5 -4 -4 -4 -4 -4 -3 -3 -2 -2 -2 -1 -1 -1 ---------- Run | Yrd Mat Min Exi Min Mat Gar Fac Low Low Dat Pro Fac Low Low Zio Dee Pro Fac Gar Fac Ext Cet Arc Hub Res Tes Res Qua Frg Acc Com Ac0 Machines Disabled 193 | . 1 . 2 . . 11 1 1 . . 1 1 . . . . . . 9 . 7 1 . . 1 9 . 4 125 3 4 12 Max in Single Turn 15 | . 1 . 1 . . 1 1 1 . . 1 1 . . . . . . 1 . 1 1 . . 1 1 . 1 15 1 1 1 Garrison Access 7 | . . . . . . . 2 . . . . . . . . . . . . . . . . 1 1 . . 1 1 1 . . Garrison Relay 13 | . . . . . . 8 . . . . . . . . . . . . 5 . . . . . . . . . . . . . Network Hub 2 | . . . . . . . . . . . . . . . . . . . . . . . . 2 . . . . . . . . Energy Cycler 2 | . . . . . . . . . . . . . . . . . . . . . 2 . . . . . . . . . . . Machines Repaired . | . . . . . . . . . . . . . . . . . . . . . . . . . . . . . . . . . Machines Dismantled . | . . . . . . . . . . . . . . . . . . . . . . . . . . . . . . . . . Machines Sabotaged 7 | . 2 . . . 4 . . . . . . . . . . . . . . . . . . 1 . . . . . . . . Overloaded Fab Kills . | . . . . . . . . . . . . . . . . . . . . . . . . . . . . . . . . . Hacking | -11 -10 -10 -10 -9 -8 -8 -7 -7 -7 -7 -6 -6 -6 -6 -6 -6 -5 -5 -5 -4 -4 -4 -4 -4 -3 -3 -2 -2 -2 -1 -1 -1 --------- Run | Yrd Mat Min Exi Min Mat Gar Fac Low Low Dat Pro Fac Low Low Zio Dee Pro Fac Gar Fac Ext Cet Arc Hub Res Tes Res Qua Frg Acc Com Ac0 Machines Accessed 104 | . 7 . . . 13 5 15 . . 3 . 9 . 1 . . . 3 2 7 4 2 . 1 6 6 5 3 4 5 2 1 Terminals 77 | . 5 . . . 10 5 10 . . . . 7 . . . . . 2 2 5 4 2 . 1 3 6 4 2 2 5 2 . Fabricators 5 | . . . . . . . 1 . . . . 1 . . . . . . . 1 . . . . 2 . . . . . . . Repair Stations 2 | . 1 . . . . . 1 . . . . . . . . . . . . . . . . . . . . . . . . . Recycling Units 3 | . 1 . . . 1 . . . . . . . . . . . . . . . . . . . . . . . 1 . . . Scanalyzers 5 | . . . . . 1 . 1 . . . . 1 . . . . . . . 1 . . . . 1 . . . . . . . Garrison Access 7 | . . . . . 1 . 2 . . . . . . . . . . 1 . . . . . . . . 1 1 1 . . . Total Hacks 291 | . 9 . . . 24 7 34 . . 26 . 27 . 1 . . . 6 3 17 8 7 . 1 27 20 24 5 12 24 8 1 Successful 149 | . 8 . . . 13 3 14 . . 26 . 17 . 1 . . . 3 2 6 3 6 . 1 12 13 4 3 3 8 2 1 Failed 142 | . 1 . . . 11 4 20 . . . . 10 . . . . . 3 1 11 5 1 . . 15 7 20 2 9 16 6 . Catastrophic 40 | . . . . . 1 2 4 . . . . 2 . . . . . 1 . 4 1 . . . 4 1 6 1 5 6 2 . Database Lockouts . | . . . . . . . . . . . . . . . . . . . . . . . . . . . . . . . . . Manual 162 | . 8 . 1 . 19 . 24 . . . . 19 . . 4 . . 4 . 11 8 . . 1 9 14 3 3 9 17 8 . Terminals 209 | . 7 . . . 19 7 26 . . . . 22 . . . . . 5 3 12 8 7 . 1 12 20 20 3 5 24 8 . Fabricators 14 | . . . . . . . 1 . . . . 3 . . . . . . . 2 . . . . 8 . . . . . . . Repair Stations 2 | . 1 . . . . . 1 . . . . . . . . . . . . . . . . . . . . . . . . . Recycling Units 6 | . 1 . . . 1 . . . . . . . . . . . . . . . . . . . . . . . 4 . . . Scanalyzers 17 | . . . . . 2 . 3 . . . . 2 . . . . . . . 3 . . . . 7 . . . . . . . Garrison Access 15 | . . . . . 2 . 3 . . . . . . . . . . 1 . . . . . . . . 4 2 3 . . . Terminal Hacks 63 | . 1 . . . 2 3 3 . . 26 . 1 . 1 . . . . 2 2 . 6 . . 2 6 2 . . 4 1 1 Record 14 | . . . . . . . . . . 6 . . . . . . . . . . . 6 . . . . . . . 1 . 1 Part Schematic 14 | . . . . . . . . . . 12 . 1 . . . . . . . 1 . . . . . . . . . . . . Robot Schematic 5 | . . . . . . . . . . 5 . . . . . . . . . . . . . . . . . . . . . . Robot Analysis 1 | . . . . . 1 . . . . . . . . . . . . . . . . . . . . . . . . . . . Prototype ID Bank 3 | . . . . . . . . . . 3 . . . . . . . . . . . . . . . . . . . . . . Open Door 3 | . . . . . . 1 . . . . . . . 1 . . . . . . . . . . . 1 . . . . . . Branch Access Points 5 | . 1 . . . . . . . . . . . . . . . . . . . . . . . 1 1 1 . . 1 . . Emergency Access Points 2 | . . . . . . 1 . . . . . . . . . . . . 1 . . . . . . . . . . . . . Machine Index 1 | . . . . . . . . . . . . . . . . . . . . . . . . . . . 1 . . . . . Terminal Index 2 | . . . . . . . . . . . . . . . . . . . . . . . . . . 1 . . . . 1 . Fabricator Index 1 | . . . . . . . 1 . . . . . . . . . . . . . . . . . . . . . . . . . Scanalyzer Index 1 | . . . . . . . . . . . . . . . . . . . . . . . . . 1 . . . . . . . Alert Level 3 | . . . . . 1 . . . . . . . . . . . . . . . . . . . . 1 . . . 1 . . Unreport Threat 1 | . . . . . . . . . . . . . . . . . . . . 1 . . . . . . . . . . . . Locate Traps 1 | . . . . . . . 1 . . . . . . . . . . . . . . . . . . . . . . . . . Dispatch Records 1 | . . . . . . . 1 . . . . . . . . . . . . . . . . . . . . . . . . . Zone Layout 3 | . . . . . . . . . . . . . . . . . . . . . . . . . . 2 . . . 1 . . Garrison Registry 1 | . . . . . . 1 . . . . . . . . . . . . . . . . . . . . . . . . . . Patrol Navigation 1 | . . . . . . . . . . . . . . . . . . . 1 . . . . . . . . . . . . . Fabricator Hacks 6 | . . . . . . . . . . . . 2 . . . . . . . . . . . . 4 . . . . . . . Load Schematic 3 | . . . . . . . . . . . . 1 . . . . . . . . . . . . 2 . . . . . . . Build 3 | . . . . . . . . . . . . 1 . . . . . . . . . . . . 2 . . . . . . . Repair Station Hacks . | . . . . . . . . . . . . . . . . . . . . . . . . . . . . . . . . . Recycling Unit Hacks . | . . . . . . . . . . . . . . . . . . . . . . . . . . . . . . . . . Scanalyzer 6 | . . . . . . . 1 . . . . 2 . . . . . . . . . . . . 3 . . . . . . . Insert Component 4 | . . . . . . . 1 . . . . 1 . . . . . . . . . . . . 2 . . . . . . . Analyze 2 | . . . . . . . . . . . . 1 . . . . . . . . . . . . 1 . . . . . . . Garrison Access Hacks 4 | . . . . . 1 . 1 . . . . . . . . . . 1 . . . . . . . . . 1 . . . . Unlock Access 2 | . . . . . 1 . . . . . . . . . . . . 1 . . . . . . . . . . . . . . Seal Access 2 | . . . . . . . 1 . . . . . . . . . . . . . . . . . . . . 1 . . . . Unauthorized Hacks 68 | . 7 . . . 10 . 9 . . . . 10 . . . . . 2 . 4 3 . . 1 3 7 2 2 3 4 1 . Terminals 60 | . 5 . . . 8 . 7 . . . . 10 . . . . . 2 . 3 3 . . 1 3 7 2 2 2 4 1 . Track 3 | . . . . . . . . . . . . 3 . . . . . . . . . . . . . . . . . . . . Assimilate 5 | . . . . . . . 2 . . . . . . . . . . . . . . . . . . 2 . . 1 . . . Botnet 37 | . . . . . . . 5 . . . . 7 . . . . . 2 . 3 3 . . . 3 4 2 2 1 4 1 . Operators 1 | . . . . . . . . . . . . . . . . . . . . . . . . . . 1 . . . . . . Sabotage 13 | . 4 . . . 8 . . . . . . . . . . . . . . . . . . 1 . . . . . . . . Search 1 | . 1 . . . . . . . . . . . . . . . . . . . . . . . . . . . . . . . Fabricators 2 | . . . . . . . 1 . . . . . . . . . . . . 1 . . . . . . . . . . . . Haulers 2 | . . . . . . . 1 . . . . . . . . . . . . 1 . . . . . . . . . . . . Repair Stations 2 | . 1 . . . . . 1 . . . . . . . . . . . . . . . . . . . . . . . . . Mechanics 1 | . . . . . . . 1 . . . . . . . . . . . . . . . . . . . . . . . . . Patch 1 | . 1 . . . . . . . . . . . . . . . . . . . . . . . . . . . . . . . Recycling Units 3 | . 1 . . . 1 . . . . . . . . . . . . . . . . . . . . . . . 1 . . . Mask 1 | . . . . . . . . . . . . . . . . . . . . . . . . . . . . . 1 . . . Tunnel 2 | . 1 . . . 1 . . . . . . . . . . . . . . . . . . . . . . . . . . . Scanalyzers 1 | . . . . . 1 . . . . . . . . . . . . . . . . . . . . . . . . . . . Extract 1 | . . . . . 1 . . . . . . . . . . . . . . . . . . . . . . . . . . . Garrison Access . | . . . . . . . . . . . . . . . . . . . . . . . . . . . . . . . . . Data Cores Recovered 5 | . . . . . 1 . . . . . . . . . . . . . . . . . . . . 1 . 1 . 2 . . Used 4 | . . . . . 1 . . . . . . . . . . . . . . . . . . . . 1 . . . 2 . . Hacking Detections 58 | . . . . . 5 3 12 . . . . 7 . . . . . 2 1 7 3 . . . 3 2 3 2 3 3 2 . Full Trace Events 15 | . . . . . 2 2 3 . . . . 2 . . . . . . . 2 1 . . . 2 . . . 1 . . . Feedback Events . | . . . . . . . . . . . . . . . . . . . . . . . . . . . . . . . . . Feedback Blocked . | . . . . . . . . . . . . . . . . . . . . . . . . . . . . . . . . . Robot Schematics Acquired 57 | . . . . . . . . . . 5 . . . . 2 . . . . . . . . . . 2 45 1 2 . . . Robots Built . | . . . . . . . . . . . . . . . . . . . . . . . . . . . . . . . . . Authchips . | . . . . . . . . . . . . . . . . . . . . . . . . . . . . . . . . . Time . | . . . . . . . . . . . . . . . . . . . . . . . . . . . . . . . . . Total Robot Build Rating . | . . . . . . . . . . . . . . . . . . . . . . . . . . . . . . . . . Part Schematics Acquired 54 | . . . . . 3 . . . . 12 . 2 . . 14 . . . . 1 . . . . 1 4 . 2 15 . . . Parts Built 4 | . . . . . . . . . . . . 2 . . . . . . . . . . . . 2 . . . . . . . Authchips . | . . . . . . . . . . . . . . . . . . . . . . . . . . . . . . . . . Time 269 | . . . . . . . . . . . . 47 . . . . . . . . . . . . 222 . . . . . . . Total Part Build Rating 28 | . . . . . . . . . . . . 10 . . . . . . . . . . . . 18 . . . . . . . Part Studies Acquired . | . . . . . . . . . . . . . . . . . . . . . . . . . . . . . . . . . Parts Repaired . | . . . . . . . . . . . . . . . . . . . . . . . . . . . . . . . . . Time . | . . . . . . . . . . . . . . . . . . . . . . . . . . . . . . . . . Parts Recycled . | . . . . . . . . . . . . . . . . . . . . . . . . . . . . . . . . . Recycled Matter . | . . . . . . . . . . . . . . . . . . . . . . . . . . . . . . . . . Retrieved Matter . | . . . . . . . . . . . . . . . . . . . . . . . . . . . . . . . . . Retrieved Components . | . . . . . . . . . . . . . . . . . . . . . . . . . . . . . . . . . Parts Scanalyzed 2 | . . . . . . . 1 . . . . . . . . . . . . . . . . . 1 . . . . . . . Part Schematics Acquired 2 | . . . . . . . . . . . . 1 . . . . . . . . . . . . 1 . . . . . . . Parts Damaged 1 | . . . . . . . . . . . . . . . . . . . . . . . . . 1 . . . . . . . Bothacking | -11 -10 -10 -10 -9 -8 -8 -7 -7 -7 -7 -6 -6 -6 -6 -6 -6 -5 -5 -5 -4 -4 -4 -4 -4 -3 -3 -2 -2 -2 -1 -1 -1 ------------ Run | Yrd Mat Min Exi Min Mat Gar Fac Low Low Dat Pro Fac Low Low Zio Dee Pro Fac Gar Fac Ext Cet Arc Hub Res Tes Res Qua Frg Acc Com Ac0 Used RIF Installer . | . . . . . . . . . . . . . . . . . . . . . . . . . . . . . . . . . Robots Hacked . | . . . . . . . . . . . . . . . . . . . . . . . . . . . . . . . . . Non-combat . | . . . . . . . . . . . . . . . . . . . . . . . . . . . . . . . . . Combat . | . . . . . . . . . . . . . . . . . . . . . . . . . . . . . . . . . Robot Hacks Applied . | . . . . . . . . . . . . . . . . . . . . . . . . . . . . . . . . . Relay Couplers Released 27 | . . . . . . 14 1 . . . . . . . . . . . 9 . . . . 1 1 . . . . 1 . . Machine Destruction 27 | . . . . . . 14 1 . . . . . . . . . . . 9 . . . . 1 1 . . . . 1 . . Fabnet Peak Effective % . | . . . . . . . . . . . . . . . . . . . . . . . . . . . . . . . . . Robots Rewired 9 | . . . . . . 3 . 1 . . . . . . . . . . . . 3 . . . . 2 . . . . . . Allies Hacked . | . . . . . . . . . . . . . . . . . . . . . . . . . . . . . . . . . Hacks Repelled . | . . . . . . . . . . . . . . . . . . . . . . . . . . . . . . . . . Allies | -11 -10 -10 -10 -9 -8 -8 -7 -7 -7 -7 -6 -6 -6 -6 -6 -6 -5 -5 -5 -4 -4 -4 -4 -4 -3 -3 -2 -2 -2 -1 -1 -1 -------- Run | Yrd Mat Min Exi Min Mat Gar Fac Low Low Dat Pro Fac Low Low Zio Dee Pro Fac Gar Fac Ext Cet Arc Hub Res Tes Res Qua Frg Acc Com Ac0 Total Allies 33 | . . 4 . . . 4 2 1 . . . . . . 5 . . . . . 12 . . . . 4 . . 1 . . . Largest Group 6 | . . 4 2 . . 3 2 1 . . . . . . 5 5 . . . . 6 . . . . 2 . . 1 . . . Highest-Rated Group 328 | . . 71 32 . . 120 76 10 . . . . . . 129 129 . . . . 328 . . . . 275 . . 26 . . . Highest-Rated Ally 159 | . . 31 16 . . 40 40 10 . . . . . . 31 31 . . . . 159 . . . . 155 . . 26 . . . Initial Warlord ECA Mod 15 | . . . . . . . 9 9 9 9 8 8 8 8 8 8 7 7 7 15 15 15 15 15 14 14 13 13 13 12 12 12 Total Orders 8 | . . . . . . . 4 . . . . . . . . . . . . . . . . . . 3 . . 1 . . . STAY 4 | . . . . . . . 2 . . . . . . . . . . . . . . . . . . 1 . . 1 . . . FOLLOW 4 | . . . . . . . 2 . . . . . . . . . . . . . . . . . . 2 . . . . . . Ally Attacks 220 | . . 25 10 . . 11 6 . . . . . . . . 27 . . . . 131 . . . . 10 . . . . . . Total Damage 6511 | . . 278 111 . . 225 88 . . . . . . . . 389 . . . . 4147 . . . . 1273 . . . . . . Kills 32 | . . 1 1 . . 2 1 . . . . . . . . 3 . . . . 19 . . . . 5 . . . . . . Allies Corrupted 3 | . . . . . . . . . . . . . . . . . . . . . 1 . . . . 2 . . . . . . Allies Melted . | . . . . . . . . . . . . . . . . . . . . . . . . . . . . . . . . . Intel | -11 -10 -10 -10 -9 -8 -8 -7 -7 -7 -7 -6 -6 -6 -6 -6 -6 -5 -5 -5 -4 -4 -4 -4 -4 -3 -3 -2 -2 -2 -1 -1 -1 ------- Run | Yrd Mat Min Exi Min Mat Gar Fac Low Low Dat Pro Fac Low Low Zio Dee Pro Fac Gar Fac Ext Cet Arc Hub Res Tes Res Qua Frg Acc Com Ac0 Active Infowar (turns) 9511 | . 148 352 84 430 1383 783 2260 503 359 25 309 1054 476 384 374 583 . 1 . . . . . . . . . . 2 . 1 . Sensors 4101 | . . . . . 2 . 32 503 359 25 309 1054 476 384 374 583 . . . . . . . . . . . . . . . . Terrain 6289 | . 148 352 84 430 1381 783 2260 503 347 . . . . . . . . 1 . . . . . . . . . . . . . . Cloaking 1 | . . . . . . . . . . . . . . . . . . . . . . . . . . . . . 1 . . . ECM 2 | . . . . . . . . . . . . . . . . . . . . . . . . . . . . . 1 . 1 . Robot Analysis Total 102 | . . . . . 1 . . . . . . . . . . . . . . . . . . . . . 101 . . . . . Derelict Logs Recovered 15 | . . 2 . 2 . . . 1 1 . 2 . 1 2 2 . 2 . . . . . . . . . . . . . . . Drone Launches . | . . . . . . . . . . . . . . . . . . . . . . . . . . . . . . . . . Drone Recoveries . | . . . . . . . . . . . . . . . . . . . . . . . . . . . . . . . . . Exploration | -11 -10 -10 -10 -9 -8 -8 -7 -7 -7 -7 -6 -6 -6 -6 -6 -6 -5 -5 -5 -4 -4 -4 -4 -4 -3 -3 -2 -2 -2 -1 -1 -1 ------------- Run | Yrd Mat Min Exi Min Mat Gar Fac Low Low Dat Pro Fac Low Low Zio Dee Pro Fac Gar Fac Ext Cet Arc Hub Res Tes Res Qua Frg Acc Com Ac0 Turns Passed 35127 | 30 1102 352 84 430 1383 783 2785 503 359 25 309 1054 476 384 625 682 414 728 888 1951 1994 402 156 46 976 866 1476 440 5852 2158 4390 1024 Spaces Moved 59197 | 57 1319 591 206 803 1930 939 4943 1211 991 95 1113 2546 1424 1112 1153 1081 971 1460 1122 3007 2192 554 190 162 1547 1461 1505 1178 7826 3922 7409 3177 Core 279 | 57 120 . . . . . . . . . . . . . 97 . . . . . . . . . . . . . 5 . . . Treads . | . . . . . . . . . . . . . . . . . . . . . . . . . . . . . . . . . Legs . | . . . . . . . . . . . . . . . . . . . . . . . . . . . . . . . . . Wheels . | . . . . . . . . . . . . . . . . . . . . . . . . . . . . . . . . . Hover . | . . . . . . . . . . . . . . . . . . . . . . . . . . . . . . . . . Flight 58918 | . 1199 591 206 803 1930 939 4943 1211 991 95 1113 2546 1424 1112 1056 1081 971 1460 1122 3007 2192 554 190 162 1547 1461 1505 1178 7821 3922 7409 3177 Fastest Speed 10 | 50 37 37 37 37 37 32 29 26 26 26 26 26 27 27 27 27 27 26 26 25 20 20 20 25 15 14 14 14 14 16 16 10 Average Speed 24 | 50 38 37 37 37 37 36 29 27 26 26 26 26 27 27 35 27 27 26 26 26 26 24 24 25 23 21 21 21 20 19 19 15 Slowest Speed 150 | 50 50 37 37 37 37 37 32 32 26 26 26 27 27 27 150 27 27 27 26 27 101 25 25 25 28 23 22 22 150 85 81 81 Overloaded Moves 1292 | . . . . . . . . . . . . . . . . . . . . . 41 33 10 . 123 62 149 8 362 108 255 141 Propulsion Burnouts . | . . . . . . . . . . . . . . . . . . . . . . . . . . . . . . . . . Robots Hopped 287 | . 8 1 . 5 16 . 17 . 2 . . 6 1 . . . . 22 4 25 45 2 . 5 23 11 16 4 17 24 26 7 Potential Cave-ins 3 | . . . . . . . . . . . . . . . . . . . . . . . . . . . . . 2 . . 1 Cave-ins Triggered . | . . . . . . . . . . . . . . . . . . . . . . . . . . . . . . . . . Teleports 2 | . . . . . . . . . . . . . . . . . . . . . . . . . . . . . . . 1 1 Exploration Rate (%) 75 | 3 97 98 63 99 93 96 91 96 82 74 97 49 98 98 80 78 98 39 90 48 97 71 85 22 26 96 28 92 90 50 88 90 Regions Visited 32 Branch Regions 21 Pre-discovered Areas 10 | . 1 . . 2 1 . . 1 . 1 . . . 1 2 . 1 . . . . . . . . . . . . . . . Known Exits Taken 25 | . 1 . . . 1 . 1 1 1 1 1 1 1 1 1 1 1 1 . 1 1 1 1 1 1 1 1 1 1 1 . . Unknown Exits Taken 5 | 1 . 1 1 1 . . . . . . . . . . . . . . . . . . . . . . . . . . 1 . Scrap Searched 32 | . . 1 . 4 . . . 3 5 . 3 . 5 5 2 . 4 . . . . . . . . . . . . . . . Spaces Dug 159 | . . . . . 5 6 19 . . . . 22 1 . . 2 . 4 4 8 2 . . . 16 8 5 8 7 18 17 7 Terrain Destroyed 2403 | . . . . . 5 6 19 . . . . 22 1 . . 2 . 4 4 8 2 . . . 16 8 5 8 1469 229 588 7 Melee 159 | . . . . . 5 6 19 . . . . 22 1 . . 2 . 4 4 8 2 . . . 16 8 5 8 7 18 17 7 Projectile . | . . . . . . . . . . . . . . . . . . . . . . . . . . . . . . . . . AOE 2244 | . . . . . . . . . . . . . . . . . . . . . . . . . . . . . 1462 211 571 . Terrain Rammed . | . . . . . . . . . . . . . . . . . . . . . . . . . . . . . . . . . Walls Destroyed . | . . . . . . . . . . . . . . . . . . . . . . . . . . . . . . . . . Machines Disabled . | . . . . . . . . . . . . . . . . . . . . . . . . . . . . . . . . . Actions | -11 -10 -10 -10 -9 -8 -8 -7 -7 -7 -7 -6 -6 -6 -6 -6 -6 -5 -5 -5 -4 -4 -4 -4 -4 -3 -3 -2 -2 -2 -1 -1 -1 --------- Run | Yrd Mat Min Exi Min Mat Gar Fac Low Low Dat Pro Fac Low Low Zio Dee Pro Fac Gar Fac Ext Cet Arc Hub Res Tes Res Qua Frg Acc Com Ac0 Total 76199 | 57 1722 701 212 915 2417 1230 5923 1371 1081 94 1129 2897 1504 1187 1370 1451 1105 1715 1607 4060 3446 781 275 161 2060 1931 2586 1331 11575 4981 9713 3611 Wait 10008 | . 206 96 . 86 246 76 333 47 45 . . 233 12 28 207 181 91 103 124 895 872 120 35 5 345 266 822 54 2591 560 1301 28 Move 58635 | 56 1302 588 205 793 1897 938 4910 1210 986 94 1112 2533 1421 1111 1152 1080 970 1418 1112 2958 2117 549 189 152 1507 1438 1474 1169 7793 3875 7364 3162 Hop 239 | . 8 1 . 4 16 . 15 . 2 . . 6 1 . . . . 19 4 22 29 2 . 4 16 11 14 4 14 22 18 7 Pick Up 154 | . 11 . 1 2 5 2 15 1 . . . 4 . . . 4 . 6 2 2 6 5 1 . 4 4 14 3 28 1 9 24 Fast Attach 108 | 1 10 . . . 4 1 14 4 . . . . 1 1 1 5 . 1 1 1 3 4 . . 3 8 3 2 22 13 4 1 Attach 34 | . . . . . . . 3 . . . . . . . . . . 1 2 1 4 2 1 . 6 2 1 2 4 2 2 1 Detach 16 | . . . . . . . 1 . . . . . . . . 1 . . . . . 1 . . 3 2 2 1 2 1 . 2 Swap 317 | . 3 . 1 2 5 4 11 2 3 . . 10 1 2 7 3 . 2 2 11 11 . . . 6 22 4 3 139 16 40 7 Drop 207 | . 12 . 1 3 6 6 18 3 . . . 5 . . 2 12 . 5 3 5 7 10 1 . 7 14 16 2 34 2 9 24 Fire 121 | . 22 . . . . . . . . . . . . . . . . . . . . . . . . . . . 81 7 11 . Melee 3817 | . 95 12 1 16 165 149 434 51 32 . 11 78 39 28 1 104 27 102 177 108 184 65 38 . 123 104 137 47 382 306 627 174 Ram 1 | . 1 . . . . . . . . . . . . . . . . . . . . . . . . . . . . . . . Kick . | . . . . . . . . . . . . . . . . . . . . . . . . . . . . . . . . . Crush . | . . . . . . . . . . . . . . . . . . . . . . . . . . . . . . . . . Escape Stasis 528 | . . . . . . . 26 . . . . . . . . . . . 107 1 105 . . . . . . 31 195 56 7 . Rewire 30 | . . . . . . 8 . 6 . . . . . . . . . . . . 7 . . . . 9 . . . . . . Trap . | . . . . . . . . . . . . . . . . . . . . . . . . . . . . . . . . . Miscellaneous 1984 | . 52 4 3 9 73 46 143 47 13 . 6 28 29 17 . 61 17 58 73 56 101 23 10 . 40 51 99 13 290 120 321 181 Route ------- -11/Scrapyard -10/Materials (discovered 5 exits: [*Mat x3] / *Min / [*Sub]) -10/Mines (discovered 3 exits: [*Mat x2] / *Exi) -10/Exiles -9/Mines (discovered 2 exits: *Mat x2) -8/Materials (discovered 4 exits: *Fac x3 / Gar) -8/Garrison (discovered 3 exits: *Fac x3) -7/Factory (discovered 6 exits: *Fac x4 / *Low x2) -7/Lower Caves -7/Lower Caves (discovered 2 exits: *Fac / *Dat) -7/Data Miner -6/Proximity Caves -6/Factory (discovered 4 exits: *Fac x2 / *Low x2) -6/Lower Caves -6/Lower Caves (discovered 2 exits: *Fac / *Zio) -6/Zion -6/Deep Caves -5/Proximity Caves -5/Factory (discovered 3 exits: *Fac x2 / Gar) -5/Garrison (discovered 3 exits: *Fac x3) -4/Factory (discovered 3 exits: *Res / [*Upp] / *Ext) -4/Extension (discovered 3 exits: *Res x2 / *Cet) -4/Cetus (discovered 2 exits: *Res / *Arc) -4/Archives (discovered 2 exits: *Res / *Hub) -4/Hub_04(d) (discovered 2 exits: *Res x2) -3/Research (discovered 4 exits: *Res / Arm / *Tes x2) -3/Testing -2/Research (discovered 3 exits: *Acc / *Qua x2) -2/Quarantine (discovered 3 exits: *Acc / *Sec / *Frg) -2/Protoforge -1/Access -1/Command (discovered 3 exits: [Sur x2] / *Ac0) -1/Access_0 0b11 Command History --------- Turn | Location | Event 4 | -11/Scrapyard | Discovered new exit (range 16) 20 | -11/Scrapyard | Upgraded with Propulsion slot (x1) 20 | -11/Scrapyard | Upgraded with Utility slot (x2) 31 | -11/Scrapyard | Entered Materials 63 | -10/Materials | Discovered new exit (range 5) 153 | -10/Materials | Discovered new exit (range 16) 161 | -10/Materials | Discovered new exit (range 11) 319 | -10/Materials | Discovered new exit (range 8) 320 | -10/Materials | Build established: Mutant 393 | -10/Materials | Reached level 2 576 | -10/Materials | Identified exit to Mines 700 | -10/Materials | Reached level 3 737 | -10/Materials | Core integrity fell below 50% 785 | -10/Materials | Discovered new exit (range 8) 924 | -10/Materials | Upgraded with Utility slot (x1) 1066 | -10/Materials | Reached level 4 1076 | -10/Materials | Upgraded with Utility slot (x1) 1133 | -10/Materials | Entered Mines 1136 | -10/Mines | Discovered new exit (range 5) 1173 | -10/Mines | Received a Mining Laser from a helpful Derelict 1198 | -10/Mines | Assisted by bots powering up and referring to "LRC-V3" 1217 | -10/Mines | Discovered new exit (range 7) 1304 | -10/Mines | Learned 2 Materials zone layouts 1308 | -10/Mines | Discovered new exit (range 9) 1427 | -10/Mines | Learned Materials garrison access intel 1439 | -10/Mines | Deemed a non-threat by the Exiles lab entrance 1485 | -10/Mines | Entered Exiles 1485 | -10/Exiles | Accompanied by 2 allies 1495 | -10/Exiles | Met 8R-AWN 1501 | -10/Exiles | Met EX-HEX 1511 | -10/Exiles | Met EX-BIN 1515 | -10/Exiles | Reached level 5 1515 | -10/Exiles | Aligned with FarCom system 1515 | -10/Exiles | Given EX-Vault access code 1524 | -10/Exiles | Opened EX-Vault 1525 | -10/Exiles | Found Prototype Slashing Weapon 1525 | -10/Exiles | Identified Longsword +1 1540 | -10/Exiles | Warned to stay clear of 0b10 Research branches 1550 | -10/Exiles | Met EX-DEC 1556 | -10/Exiles | Attacked by the Exiles 1566 | -10/Exiles | Discovered new exit (range 11) 1569 | -10/Exiles | Left Exiles lab with Longsword +1 1569 | -10/Exiles | Entered Mines 1571 | -9/Mines | Assembled infested the area 1781 | -9/Mines | Discovered new exit (range 5) 1818 | -9/Mines | Found a hidden stash of uninstalled traps 1842 | -9/Mines | Received a Rocket Launcher from a helpful Derelict 1857 | -9/Mines | Found a Scrap Suit stashed away for nefarious purposes 1877 | -9/Mines | Discovered new exit (range 5) 1903 | -9/Mines | Learned Materials stockpile data 1920 | -9/Mines | Found a damaged Exp. Sensor Array with a note attached 1940 | -9/Mines | Found Prototype Device 1999 | -9/Mines | Entered Materials 2001 | -8/Materials | Reached level 6 2002 | -8/Materials | Loaded intel: 1 garrison access location 2047 | -8/Materials | Reached level 7 2262 | -8/Materials | Reached level 8 2355 | -8/Materials | Identified exit to Garrison 2366 | -8/Materials | Garrison activated, responded to threat 2405 | -8/Materials | Upgraded with Utility slot (x3) 2542 | -8/Materials | Discovered new exit (range 9) 2591 | -8/Materials | Identified Exp. Sensor Array 2616 | -8/Materials | Reached level 9 2783 | -8/Materials | Reached level 10 2807 | -8/Materials | Upgraded with Utility slot (x1) 3002 | -8/Materials | Core integrity fell below 50% 3012 | -8/Materials | Reached level 11 3047 | -8/Materials | Discovered new exit (range 15) 3191 | -8/Materials | Discovered new exit (range 15) 3335 | -8/Materials | Sterilization system engaged 3335 | -8/Materials | Non-combat units ordered to evacuate 3366 | -8/Materials | Reached level 12 3382 | -8/Materials | Entered Garrison 3407 | -8/Garrison | Discovered new exit (range 86) 3407 | -8/Garrison | Discovered new exit (range 49) 3407 | -8/Garrison | Discovered new exit (range 29) 3425 | -8/Garrison | Garrison Relay disabled 3436 | -8/Garrison | Triggered checkpoint 3470 | -8/Garrison | Triggered checkpoint 3550 | -8/Garrison | Triggered checkpoint 3618 | -8/Garrison | Reached level 13 3647 | -8/Garrison | Destroyed 10 combat bots 3650 | -8/Garrison | Garrison Relay disabled 3656 | -8/Garrison | Triggered checkpoint 3776 | -8/Garrison | Triggered checkpoint 3818 | -8/Garrison | Garrison Relay disabled 3831 | -8/Garrison | Rescued a captive Derelict 3876 | -8/Garrison | Destroyed 7 combat bots 3878 | -8/Garrison | Triggered checkpoint 3884 | -8/Garrison | Spotted B-75 Beast 3940 | -8/Garrison | Destroyed B-75 Beast 4097 | -8/Garrison | Garrison Relay disabled 4100 | -8/Garrison | Garrison Relay disabled 4100 | -8/Garrison | Reached level 14 4106 | -8/Garrison | Garrison Relay disabled 4115 | -8/Garrison | Garrison Relay disabled 4120 | -8/Garrison | Upgraded with Propulsion slot (x1) 4120 | -8/Garrison | Upgraded with Utility slot (x1) 4131 | -8/Garrison | Garrison Relay disabled 4165 | -8/Garrison | Entered Factory 4165 | -7/Factory | Accompanied by 2 allies 4194 | -7/Factory | Discovered new exit (range 5) 4281 | -7/Factory | Discovered new exit (range 15) 4341 | -7/Factory | Reached level 15 4389 | -7/Factory | Discovered new exit (range 8) 4424 | -7/Factory | Build established: Scavenger-Sprinter 4531 | -7/Factory | Discovered new exit (range 8) 4825 | -7/Factory | Build established: Sprinter 4851 | -7/Factory | Discovered new exit (range 5) 4867 | -7/Factory | Discovered new exit (range 15) 4965 | -7/Factory | First assault squad dispatched 5024 | -7/Factory | Reached level 16 5050 | -7/Factory | High security lockdown imminent 5073 | -7/Factory | Destroyed 9 combat bots 5130 | -7/Factory | High security lockdown engaged 5243 | -7/Factory | Destroyed 9 combat bots 5373 | -7/Factory | Core integrity fell below 50% 5418 | -7/Factory | Destroyed 12 combat bots 5542 | -7/Factory | Reached level 17 5556 | -7/Factory | Upgraded with Utility slot (x1) 6263 | -7/Factory | Reached level 18 6327 | -7/Factory | Core integrity fell below 20% 6382 | -7/Factory | Sterilization system engaged 6382 | -7/Factory | Non-combat units ordered to evacuate 6458 | -7/Factory | Destroyed 57 combat bots 6482 | -7/Factory | Combat units ordered to evacuate 6590 | -7/Factory | Identified exit to Factory 6665 | -7/Factory | Build established: Scavenger-Sprinter 6682 | -7/Factory | Ambient heat levels rising (+10) 6832 | -7/Factory | Ambient heat levels rising (+10) 6950 | -7/Factory | Identified exit to Lower Caves 6950 | -7/Factory | Entered Lower Caves 6956 | -7/Lower Caves | Met a Warlord Commander 7019 | -7/Lower Caves | Learned location of Warlord (-5) 7020 | -7/Lower Caves | Warlord Commander delivered Encrypted Comm Array 7022 | -7/Lower Caves | Destroyed WR-Y2J(g) 7033 | -7/Lower Caves | Found Encrypted Comm Array 7054 | -7/Lower Caves | Upgraded with Propulsion slot (x1) 7161 | -7/Lower Caves | Discovered new exit (range 16) 7164 | -7/Lower Caves | Learned Factory terminal intel 7187 | -7/Lower Caves | Destroyed 7 combat bots 7188 | -7/Lower Caves | Entered a destroyed Warlord outpost 7252 | -7/Lower Caves | Ambushed by wild Derelicts 7291 | -7/Lower Caves | Attacked by a delusional Derelict stockpiling parts 7316 | -7/Lower Caves | Identified exit to Lower Caves 7334 | -7/Lower Caves | Build established: Scavenger-Scout 7453 | -7/Lower Caves | Entered another Lower Caves area 7455 | -7/Lower Caves | Attracted the attention of an 0b10 checkpoint 7487 | -7/Lower Caves | Discovered exit to Factory (range 15) 7667 | -7/Lower Caves | Spotted B-75 Beast 7670 | -7/Lower Caves | Destroyed B-75 Beast 7691 | -7/Lower Caves | Learned Factory security intel 7712 | -7/Lower Caves | Encountered a Master Thief 7712 | -7/Lower Caves | Encountered a Master Thief 7713 | -7/Lower Caves | Encountered a Master Thief 7713 | -7/Lower Caves | Encountered a Master Thief 7713 | -7/Lower Caves | Encountered a Master Thief 7806 | -7/Lower Caves | Discovered new exit (range 8) 7809 | -7/Lower Caves | Identified exit to Data Miner 7812 | -7/Lower Caves | Entered Data Miner 7812 | -7/Data Miner | Discovered new exit (range 6) 7814 | -7/Data Miner | Reached level 19 7817 | -7/Data Miner | Met Data Miner 7825 | -7/Data Miner | Learned location of Section 7 (-2) 7825 | -7/Data Miner | Acquired the access code to Warlord's prototype stash 7828 | -7/Data Miner | Received God Mode back door access code from Data Miner 7836 | -7/Data Miner | Identified exit to Proximity Caves 7837 | -7/Data Miner | Entered Proximity Caves 7839 | -6/Proximity Caves | Attracted the attention of an 0b10 checkpoint 8006 | -6/Proximity Caves | Learned Factory emergency access door positions 8028 | -6/Proximity Caves | Discovered exit to Factory (range 8) 8106 | -6/Proximity Caves | Build established: Scavenger-Sprinter 8146 | -6/Proximity Caves | Entered Factory 8149 | -6/Factory | Loaded intel: 25 terminal locations 8241 | -6/Factory | Fabricated Adv. Melee Analysis Suite? 8320 | -6/Factory | Unchained authorized (QV-33N) 8509 | -6/Factory | Discovered new exit (range 15) 8513 | -6/Factory | Identified exit to Lower Caves 8528 | -6/Factory | Discovered exit to Lower Caves (range 9) 8554 | -6/Factory | Build established: Hacker-Sprinter 8712 | -6/Factory | Discovered new exit (range 16) 8716 | -6/Factory | Identified exit to Factory 8929 | -6/Factory | Reached level 20 9004 | -6/Factory | Discovered exit to Factory (range 8) 9164 | -6/Factory | Spotted B-75 Beast 9200 | -6/Factory | Entered Lower Caves 9204 | -6/Lower Caves | Encountered a Warlord checkpoint 9223 | -6/Lower Caves | Learned location of 1 exit from Factory 9453 | -6/Lower Caves | Discovered new exit (range 12) 9456 | -6/Lower Caves | Identified exit to Lower Caves 9486 | -6/Lower Caves | Attracted the attention of an 0b10 checkpoint 9676 | -6/Lower Caves | Entered another Lower Caves area 9706 | -6/Lower Caves | Discovered exit to Factory (range 13) 9810 | -6/Lower Caves | Encountered a Warlord checkpoint 9817 | -6/Lower Caves | Destroyed 7 combat bots 9882 | -6/Lower Caves | Discovered new exit (range 8) 9884 | -6/Lower Caves | Identified exit to Zion 9889 | -6/Lower Caves | Learned Factory garrison access intel 9965 | -6/Lower Caves | Attracted the attention of an 0b10 checkpoint 9966 | -6/Lower Caves | Found DCF Scrap (12 items) 10060 | -6/Lower Caves | Entered Zion 10073 | -6/Zion | Acquired unknown access codes intercepted by a Zionite 10075 | -6/Zion | Learned location of 1 exit from Proximity Caves 10080 | -6/Zion | Given the Hacking Drone Bay 10086 | -6/Zion | Visited the Megawrench Repair Shop 10091 | -6/Zion | System corruption cleaned by Quarantine Array 10115 | -6/Zion | Gained Derelict followers 10200 | -6/Zion | Found Prototype Device 10200 | -6/Zion | Identified Phasing AFG 10263 | -6/Zion | Opened final containment barrier to the Deep Caves 10276 | -6/Zion | Found Prototype Device 10276 | -6/Zion | Identified Mobile Refinery Mk. CCLXVII 10540 | -6/Zion | Discovered new exit (range 5) 10541 | -6/Zion | Saw the warning signs outside the Deep Caves entrance 10541 | -6/Zion | Identified exit to Deep Caves 10601 | -6/Zion | Found Prototype Device 10601 | -6/Zion | Identified Hacking Drone Bay 10685 | -6/Zion | Entered Deep Caves 10685 | -6/Deep Caves | Accompanied by 5 allies 10687 | -6/Deep Caves | Met 5H-AD0 10755 | -6/Deep Caves | Z-Facility disabled 10841 | -6/Deep Caves | Attacked by Z-Imprinter 11016 | -6/Deep Caves | Discovered new exit (range 6) 11030 | -6/Deep Caves | Destroyed 8 combat bots 11046 | -6/Deep Caves | Spotted Golem 11152 | -6/Deep Caves | Destroyed Golem 11266 | -6/Deep Caves | Found Prototype Protection 11266 | -6/Deep Caves | Identified Zio. Heavy Carapace 11276 | -6/Deep Caves | Found Prototype Protection 11276 | -6/Deep Caves | Identified Zio. Weapon Casing 11283 | -6/Deep Caves | Found Zio. Heavy Carapace 11301 | -6/Deep Caves | Found Zio. Heavy Carapace 11367 | -6/Deep Caves | Identified exit to Proximity Caves 11367 | -6/Deep Caves | Entered Proximity Caves 11369 | -5/Proximity Caves | Reached level 21 11566 | -5/Proximity Caves | Learned 4 Factory zone layouts 11781 | -5/Proximity Caves | Entered Factory 11782 | -5/Factory | Identified exit to Factory 11783 | -5/Factory | Reached level 22 11784 | -5/Factory | Loaded intel: 4 garrison access locations 11808 | -5/Factory | Upgraded with Utility slot (x1) 12002 | -5/Factory | Unchained authorized (QV-33N) 12054 | -5/Factory | Allied Derelicts emerged from ambush trap array 12207 | -5/Factory | Reached level 23 12313 | -5/Factory | Upgraded with Propulsion slot (x1) 12388 | -5/Factory | Discovered exit to Factory (range 11) 12505 | -5/Factory | Identified exit to Garrison 12509 | -5/Factory | Entered Garrison 12521 | -5/Garrison | Garrison Relay disabled 12523 | -5/Garrison | Triggered checkpoint 12557 | -5/Garrison | Triggered checkpoint 12680 | -5/Garrison | Spotted B-75 Beast 12736 | -5/Garrison | Destroyed B-75 Beast 12748 | -5/Garrison | Discovered exit to Factory (range 10) 12753 | -5/Garrison | Triggered checkpoint 12773 | -5/Garrison | Triggered checkpoint 12845 | -5/Garrison | Garrison Relay disabled 13117 | -5/Garrison | Triggered checkpoint 13143 | -5/Garrison | Discovered exit to Factory (range 14) 13144 | -5/Garrison | Triggered checkpoint 13162 | -5/Garrison | Triggered checkpoint 13183 | -5/Garrison | Garrison Relay disabled 13183 | -5/Garrison | Reached level 24 13227 | -5/Garrison | Triggered checkpoint 13281 | -5/Garrison | Triggered checkpoint 13348 | -5/Garrison | Garrison Relay disabled 13354 | -5/Garrison | Garrison Relay disabled 13374 | -5/Garrison | Discovered exit to Factory (range 6) 13397 | -5/Garrison | Entered Factory 13398 | -4/Factory | Identified exit to Extension 13647 | -4/Factory | First assault squad dispatched 13672 | -4/Factory | Reached level 25 13737 | -4/Factory | Discovered new exit (range 14) 13811 | -4/Factory | Upgraded with Power slot (x1) 14431 | -4/Factory | Discovered new exit (range 15) 14456 | -4/Factory | Spotted Striker 14457 | -4/Factory | Cargo convoy interrupted 14486 | -4/Factory | Destroyed Striker 14527 | -4/Factory | Found Prototype Device 14527 | -4/Factory | Identified Exp. EM Disruption Field 14967 | -4/Factory | Watched by a mysterious "MATRIX" hacker 15348 | -4/Factory | Entered Extension 15359 | -4/Extension | Disrupted transfer network 15456 | -4/Extension | Spotted B-86 Titan 15495 | -4/Extension | Rescued a captive Derelict 15496 | -4/Extension | Rescued a captive Derelict 15598 | -4/Extension | First assault squad dispatched 15869 | -4/Extension | Incoming assault squad redirected 15885 | -4/Extension | Reached level 26 15927 | -4/Extension | Rescued a captive Derelict 15928 | -4/Extension | Rescued a captive Derelict 16341 | -4/Extension | Rescued a captive Derelict 16343 | -4/Extension | Rescued a captive Derelict 16415 | -4/Extension | Rescued a captive Derelict 16475 | -4/Extension | Rescued A7 16626 | -4/Extension | Spotted B-86 Titan 16640 | -4/Extension | Destroyed B-86 Titan 16646 | -4/Extension | Destroyed B-86 Titan 16972 | -4/Extension | Rescued a captive Derelict 16979 | -4/Extension | Rescued a captive Derelict 16985 | -4/Extension | Rescued a captive Derelict 17000 | -4/Extension | Discovered new exit (range 10) 17000 | -4/Extension | Discovered new exit (range 6) 17007 | -4/Extension | Identified exit to Research 17024 | -4/Extension | Identified exit to Cetus 17071 | -4/Extension | Energy Cycler disabled 17083 | -4/Extension | Reached level 27 17083 | -4/Extension | High security lockdown imminent 17163 | -4/Extension | High security lockdown engaged 17167 | -4/Extension | Discovered exit to Research (range 14) 17342 | -4/Extension | Entered Cetus 17353 | -4/Cetus | Spotted Cetus Guard 17354 | -4/Cetus | Spotted Cetus Guard 17354 | -4/Cetus | Spotted Cetus Guard 17372 | -4/Cetus | Spotted Cetus Guard 17379 | -4/Cetus | Cetus Manufacturing Module disabled 17409 | -4/Cetus | Destroyed Cetus Guard 17426 | -4/Cetus | Destroyed Cetus Guard 17434 | -4/Cetus | Destroyed Cetus Guard 17450 | -4/Cetus | Destroyed Cetus Guard 17520 | -4/Cetus | Discovered new exit (range 16) 17524 | -4/Cetus | Spotted Cetus Guard 17570 | -4/Cetus | Spotted Cetus Guard 17586 | -4/Cetus | Spotted Cetus Guard 17614 | -4/Cetus | Spotted Cetus Guard 17644 | -4/Cetus | Destroyed Cetus Guard 17652 | -4/Cetus | Destroyed Cetus Guard 17670 | -4/Cetus | Destroyed Cetus Guard 17684 | -4/Cetus | Destroyed Cetus Guard 17713 | -4/Cetus | Identified exit to Archives 17720 | -4/Cetus | Discovered exit to Research (range 15) 17722 | -4/Cetus | Met Revision 17 17738 | -4/Cetus | Murdered Revision 17 17744 | -4/Cetus | Entered Archives 17880 | -4/Archives | Discovered exit to Research (range 15) 17889 | -4/Archives | Discovered new exit (range 14) 17893 | -4/Archives | Identified exit to Hub_04(d) 17900 | -4/Archives | Entered Hub_04(d) 17900 | -4/Hub_04(d) | Discovered exit to Research (range 10) 17903 | -4/Hub_04(d) | Network Hub disabled 17903 | -4/Hub_04(d) | Network Hub disabled 17904 | -4/Hub_04(d) | Spotted Lightning 17904 | -4/Hub_04(d) | Spotted Lightning 17904 | -4/Hub_04(d) | Spotted Lightning 17905 | -4/Hub_04(d) | Spotted Lightning 17906 | -4/Hub_04(d) | Spotted Lightning 17906 | -4/Hub_04(d) | Spotted Lightning 17930 | -4/Hub_04(d) | Discovered exit to Research (range 14) 17946 | -4/Hub_04(d) | Entered Research 17948 | -3/Research | Reached level 28 18093 | -3/Research | Upgraded with Utility slot (x1) 18180 | -3/Research | Unchained authorized (CL-0N3) 18387 | -3/Research | Fabricated Cld. Q-thruster? 18523 | -3/Research | R-10 Processor reconstituted as Armor Guard 18523 | -3/Research | Spotted Armor Guard 18609 | -3/Research | Destroyed Armor Guard 18609 | -3/Research | Armor Guard reconstituted as CL-0N3 18611 | -3/Research | Spotted CL-0N3 18629 | -3/Research | Discovered new exit (range 7) 18630 | -3/Research | Identified exit to Research 18637 | -3/Research | Found Prototype Device 18637 | -3/Research | Identified Exp. Shield Generator 18684 | -3/Research | Reached level 29 18688 | -3/Research | Identified exit to Armory 18688 | -3/Research | Identified exit to Testing 18696 | -3/Research | First assault squad dispatched 18714 | -3/Research | Incoming assault squad redirected 18795 | -3/Research | Fabricated Cld. Q-thruster? 18922 | -3/Research | Entered Testing 19179 | -3/Testing | Discovered exit to Research (range 12) 19198 | -3/Testing | Found Prototype Energy Gun 19198 | -3/Testing | Identified Hyp. EM Gauss Rifle 19227 | -3/Testing | Found Prototype Processor 19227 | -3/Testing | Identified Exp. Terrain Scan Processor 19241 | -3/Testing | Rewired PY-0HLDFJD3X1 19254 | -3/Testing | Rewired PD-WB797MFOQH 19360 | -3/Testing | Spotted Striker 19360 | -3/Testing | Spotted Striker 19376 | -3/Testing | Found Prototype Device 19376 | -3/Testing | Identified Adv. EM Shield 19451 | -3/Testing | Core integrity fell below 50% 19657 | -3/Testing | Found Prototype Protection 19657 | -3/Testing | Identified SHELL Armor 19659 | -3/Testing | Found Prototype Protection 19659 | -3/Testing | Identified Hvy. Regenerative Plating 19662 | -3/Testing | Found Prototype Protection 19662 | -3/Testing | Identified Med. Regenerative Plating 19672 | -3/Testing | First assault squad dispatched 19751 | -3/Testing | Found Prototype Protection 19751 | -3/Testing | Identified Centrium Heavy Armor Plating 19752 | -3/Testing | System corruption reached 10% 19788 | -3/Testing | Entered Research 19790 | -2/Research | Reached level 30 19843 | -2/Research | Discovered new exit (range 15) 19863 | -2/Research | Identified exit to Access 19960 | -2/Research | Reached level 31 20067 | -2/Research | Unchained authorized (CL-0N3) 20655 | -2/Research | R-10 Processor reconstituted as Combat Programmer 20664 | -2/Research | Spotted Combat Programmer 20667 | -2/Research | System corruption reached 10% 20668 | -2/Research | Destroyed Combat Programmer 20668 | -2/Research | Combat Programmer reconstituted as CL-0N3 20669 | -2/Research | Spotted CL-0N3 20700 | -2/Research | Destroyed CL-0N3 20701 | -2/Research | Extracted schematics, analyses from CL-0N3's data core 21119 | -2/Research | Identified exit to Quarantine 21157 | -2/Research | Spotted B-90 Cyclops 21264 | -2/Research | Entered Quarantine 21266 | -2/Quarantine | Reached level 32 21364 | -2/Quarantine | Discovered exit to Access (range 8) 21399 | -2/Quarantine | Found Alien Artifact 21424 | -2/Quarantine | Identified Terrabomb 21424 | -2/Quarantine | Used Terrabomb 21480 | -2/Quarantine | Upgraded with Weapon slot (x1) 21481 | -2/Quarantine | Found Alien Slashing Weapon 21481 | -2/Quarantine | Identified Sigix Broadsword 21482 | -2/Quarantine | Upgraded with Weapon slot (x1) 21497 | -2/Quarantine | Scanned by Researcher 21546 | -2/Quarantine | Found Alien Artifact 21686 | -2/Quarantine | Spotted Fortress 21701 | -2/Quarantine | Discovered new exit (range 6) 21701 | -2/Quarantine | Discovered new exit (range 6) 21703 | -2/Quarantine | Identified exit to Protoforge 21704 | -2/Quarantine | Identified exit to Section 7 21704 | -2/Quarantine | Entered Protoforge 21707 | -2/Protoforge | Spotted B-90 Cyclops 21707 | -2/Protoforge | Superfortress began startup sequence 21918 | -2/Protoforge | Forge Plexus network access discovered 22008 | -2/Protoforge | Found Exp. System Purifier 22153 | -2/Protoforge | Reached level 33 22204 | -2/Protoforge | Spotted Decapitator 22204 | -2/Protoforge | Spotted Decapitator 22204 | -2/Protoforge | Spotted Decapitator 22206 | -2/Protoforge | Destroyed Decapitator 22227 | -2/Protoforge | Destroyed Decapitator 22229 | -2/Protoforge | Destroyed Decapitator 22399 | -2/Protoforge | Found Cep. Fieldthrust Drive 22401 | -2/Protoforge | Found Cep. Fieldthrust Drive 22425 | -2/Protoforge | Found Prototype Device 22425 | -2/Protoforge | Identified Exp. Thermal Defense Suite 22426 | -2/Protoforge | Found Prototype Device 22426 | -2/Protoforge | Identified Cep. Antimissile System 22454 | -2/Protoforge | First assault squad dispatched 22478 | -2/Protoforge | Upgraded with Utility slot (x1) 22479 | -2/Protoforge | Spotted Immortal 22479 | -2/Protoforge | Spotted Immortal 22488 | -2/Protoforge | Found Crosscalibrator 22536 | -2/Protoforge | Found Cep. Melee Reflex Suite 22541 | -2/Protoforge | Spotted V307-y 22541 | -2/Protoforge | Spotted V053-v 22545 | -2/Protoforge | Spotted V658-g 22551 | -2/Protoforge | Destroyed V307-y 22570 | -2/Protoforge | Destroyed V053-v 22573 | -2/Protoforge | Found Prototype Device 22573 | -2/Protoforge | Identified Exp. Focal Shield 22580 | -2/Protoforge | Found Cep. Melee Reflex Suite 22583 | -2/Protoforge | Found Femtoactuators 22585 | -2/Protoforge | Identified Subatomic Replicator 22585 | -2/Protoforge | Used Subatomic Replicator to replicate Faulty Exp. Force Booster 22586 | -2/Protoforge | Found Faulty Exp. Force Booster 23003 | -2/Protoforge | Build established: Scavenger-Sprinter 23007 | -2/Protoforge | Spotted V928-b 23026 | -2/Protoforge | Destroyed V928-b 23037 | -2/Protoforge | Found Exp. Jetlance 23048 | -2/Protoforge | Spotted Decapitator 23048 | -2/Protoforge | Spotted Decapitator 23049 | -2/Protoforge | Spotted Decapitator 23052 | -2/Protoforge | Destroyed Decapitator 23056 | -2/Protoforge | Destroyed Decapitator 23063 | -2/Protoforge | Destroyed Decapitator 23092 | -2/Protoforge | Spotted V436-f 23092 | -2/Protoforge | Spotted V915-n 23093 | -2/Protoforge | Spotted Immortal 23093 | -2/Protoforge | Spotted Immortal 23094 | -2/Protoforge | Spotted V540-m 23100 | -2/Protoforge | Spotted V443-p 23150 | -2/Protoforge | Destroyed Immortal 23152 | -2/Protoforge | Found Prototype Device 23152 | -2/Protoforge | Identified Exp. Cloaking Device 23154 | -2/Protoforge | Found Prototype Processor 23154 | -2/Protoforge | Identified Exp. Melee Analysis Suite 23159 | -2/Protoforge | Destroyed Immortal 23178 | -2/Protoforge | Destroyed V443-p 23193 | -2/Protoforge | Found Faulty Cep. Zero-point Core 23195 | -2/Protoforge | Found Faulty Cep. Zero-point Core 23269 | -2/Protoforge | Found Exp. Jetlance 23274 | -2/Protoforge | Spotted V003-h 23285 | -2/Protoforge | Destroyed V003-h 23298 | -2/Protoforge | Found Cep. Deflector Sword 23392 | -2/Protoforge | Found Cep. Hardlight Director 23401 | -2/Protoforge | Found Cep. Beam Splitter 23491 | -2/Protoforge | Destroyed 9 combat bots 23627 | -2/Protoforge | Found Exp. Terror Saw 23807 | -2/Protoforge | Destroyed Immortal 23814 | -2/Protoforge | Destroyed Immortal 23835 | -2/Protoforge | Destroyed 8 combat bots 23844 | -2/Protoforge | Found Exp. Melee Analysis Suite 23846 | -2/Protoforge | Found Exp. Melee Analysis Suite 23854 | -2/Protoforge | Found Cep. Tactical Fusion Warhead 23857 | -2/Protoforge | Found Faulty Cep. Tiamat Rocket Array 23870 | -2/Protoforge | Spotted V497-c 23874 | -2/Protoforge | Destroyed V497-c 23875 | -2/Protoforge | Found Prototype Device 23875 | -2/Protoforge | Identified Exp. Shock Absorption System 23903 | -2/Protoforge | Reached level 34 23927 | -2/Protoforge | Spotted Decapitator 23927 | -2/Protoforge | Spotted Decapitator 23927 | -2/Protoforge | Spotted V665-i 23927 | -2/Protoforge | Spotted V405-f 23927 | -2/Protoforge | Spotted Decapitator 23947 | -2/Protoforge | Destroyed Decapitator 23947 | -2/Protoforge | Destroyed Decapitator 23948 | -2/Protoforge | Destroyed Decapitator 23953 | -2/Protoforge | Destroyed V665-i 23961 | -2/Protoforge | Destroyed V405-f 24045 | -2/Protoforge | Spotted EXE-6 24045 | -2/Protoforge | Spotted EXE-6 24047 | -2/Protoforge | Destroyed EXE-6 24049 | -2/Protoforge | Destroyed EXE-6 24060 | -2/Protoforge | Spotted Decapitator 24060 | -2/Protoforge | Spotted Decapitator 24128 | -2/Protoforge | Destroyed Decapitator 24130 | -2/Protoforge | Destroyed Decapitator 24134 | -2/Protoforge | Spotted EXE-6 24134 | -2/Protoforge | Spotted EXE-6 24141 | -2/Protoforge | Destroyed EXE-6 24143 | -2/Protoforge | Destroyed EXE-6 24169 | -2/Protoforge | Spotted AP7-3 24171 | -2/Protoforge | Spotted AP7-3 24172 | -2/Protoforge | Destroyed AP7-3 24177 | -2/Protoforge | Destroyed AP7-3 24178 | -2/Protoforge | Spotted Overlord 24190 | -2/Protoforge | Destroyed Overlord 24206 | -2/Protoforge | Found Prototype Device 24206 | -2/Protoforge | Identified Exp. ECM Suite 24210 | -2/Protoforge | Found Prototype Device 24210 | -2/Protoforge | Identified Adv. Kinecellerator 24212 | -2/Protoforge | Found Prototype Device 24212 | -2/Protoforge | Identified Exp. EM Shield 24214 | -2/Protoforge | Found Prototype Device 24214 | -2/Protoforge | Identified Exp. Weapon Cycler 24518 | -2/Protoforge | Found Cep. Matter Streamer 24691 | -2/Protoforge | Destroyed 20 combat bots 24779 | -2/Protoforge | Found Exp. System Purifier 24930 | -2/Protoforge | Reached level 35 24983 | -2/Protoforge | Destroyed 14 combat bots 25036 | -2/Protoforge | Spotted Hotshot 25036 | -2/Protoforge | Spotted Hotshot 25036 | -2/Protoforge | Spotted Hotshot 25036 | -2/Protoforge | Spotted Hotshot 25037 | -2/Protoforge | Spotted Hotshot 25041 | -2/Protoforge | Destroyed Hotshot 25044 | -2/Protoforge | Destroyed Hotshot 25049 | -2/Protoforge | Destroyed Hotshot 25055 | -2/Protoforge | Destroyed Hotshot 25056 | -2/Protoforge | Destroyed Hotshot 25077 | -2/Protoforge | Destroyed 13 combat bots 25131 | -2/Protoforge | Destroyed 10 combat bots 25264 | -2/Protoforge | Spotted Hotshot 25264 | -2/Protoforge | Spotted Hotshot 25264 | -2/Protoforge | Spotted Hotshot 25264 | -2/Protoforge | Spotted Hotshot 25275 | -2/Protoforge | Destroyed Hotshot 25276 | -2/Protoforge | Destroyed Hotshot 25277 | -2/Protoforge | Destroyed Hotshot 25279 | -2/Protoforge | Destroyed Hotshot 25390 | -2/Protoforge | Destroyed 27 combat bots 25415 | -2/Protoforge | Spotted Hotshot 25425 | -2/Protoforge | Destroyed Hotshot 25432 | -2/Protoforge | Spotted Hotshot 25432 | -2/Protoforge | Spotted Hotshot 25432 | -2/Protoforge | Spotted Hotshot 25432 | -2/Protoforge | Spotted Hotshot 25433 | -2/Protoforge | Spotted Hotshot 25441 | -2/Protoforge | Destroyed Hotshot 25443 | -2/Protoforge | Destroyed Hotshot 25449 | -2/Protoforge | Destroyed Hotshot 25458 | -2/Protoforge | Destroyed Hotshot 25462 | -2/Protoforge | Destroyed Hotshot 25483 | -2/Protoforge | Destroyed 10 combat bots 25518 | -2/Protoforge | Spotted Decapitator 25523 | -2/Protoforge | Spotted Decapitator 25525 | -2/Protoforge | Spotted Decapitator 25525 | -2/Protoforge | Spotted Decapitator 25526 | -2/Protoforge | Destroyed Decapitator 25527 | -2/Protoforge | Destroyed Decapitator 25527 | -2/Protoforge | Destroyed Decapitator 25537 | -2/Protoforge | Destroyed Decapitator 25562 | -2/Protoforge | Destroyed B-90 Cyclops 25618 | -2/Protoforge | Destroyed 20 combat bots 25693 | -2/Protoforge | Destroyed 11 combat bots 25714 | -2/Protoforge | Spotted Hotshot 25714 | -2/Protoforge | Spotted Hotshot 25714 | -2/Protoforge | Spotted Hotshot 25714 | -2/Protoforge | Spotted Hotshot 25714 | -2/Protoforge | Spotted Hotshot 25725 | -2/Protoforge | High security lockdown imminent 25731 | -2/Protoforge | Destroyed Hotshot 25739 | -2/Protoforge | Destroyed Hotshot 25742 | -2/Protoforge | Destroyed Hotshot 25744 | -2/Protoforge | Destroyed Hotshot 25749 | -2/Protoforge | Destroyed Hotshot 25762 | -2/Protoforge | Discovered exit to Access (range 16) 25805 | -2/Protoforge | High security lockdown engaged 25822 | -2/Protoforge | Destroyed 32 combat bots 25894 | -2/Protoforge | Destroyed 25 combat bots 25928 | -2/Protoforge | Spotted Investigator 25929 | -2/Protoforge | Spotted Striker 25929 | -2/Protoforge | Destroyed Investigator 25931 | -2/Protoforge | Reached level 36 25933 | -2/Protoforge | Destroyed Striker 25933 | -2/Protoforge | Destroyed Executioner 25956 | -2/Protoforge | Destroyed 18 combat bots 26080 | -2/Protoforge | Spotted Striker 26081 | -2/Protoforge | Destroyed Executioner 26082 | -2/Protoforge | Spotted Executioner 26083 | -2/Protoforge | Destroyed Striker 26098 | -2/Protoforge | Spotted Striker 26104 | -2/Protoforge | Destroyed 17 combat bots 26104 | -2/Protoforge | Destroyed Striker 26281 | -2/Protoforge | Destroyed Executioner 26282 | -2/Protoforge | Spotted Striker 26283 | -2/Protoforge | Destroyed Executioner 26283 | -2/Protoforge | Destroyed Striker 26283 | -2/Protoforge | Destroyed Striker 26285 | -2/Protoforge | Destroyed Executioner 26286 | -2/Protoforge | Spotted Striker 26287 | -2/Protoforge | Destroyed Striker 26301 | -2/Protoforge | Destroyed Striker 26310 | -2/Protoforge | Spotted Executioner 26312 | -2/Protoforge | Spotted Executioner 26312 | -2/Protoforge | Destroyed Executioner 26315 | -2/Protoforge | Destroyed Executioner 26336 | -2/Protoforge | Destroyed 29 combat bots 26535 | -2/Protoforge | Destroyed Striker 26537 | -2/Protoforge | Spotted Striker 26541 | -2/Protoforge | Destroyed Striker 26543 | -2/Protoforge | Destroyed Striker 26545 | -2/Protoforge | Destroyed Striker 26545 | -2/Protoforge | Destroyed Executioner 26545 | -2/Protoforge | Destroyed Striker 26549 | -2/Protoforge | Destroyed Striker 26570 | -2/Protoforge | Destroyed 39 combat bots 26831 | -2/Protoforge | Destroyed Striker 26833 | -2/Protoforge | Destroyed Striker 26835 | -2/Protoforge | Destroyed Executioner 26842 | -2/Protoforge | Spotted Striker 26858 | -2/Protoforge | Destroyed Striker 26871 | -2/Protoforge | Spotted Executioner 26871 | -2/Protoforge | Spotted Executioner 26876 | -2/Protoforge | Destroyed Executioner 26878 | -2/Protoforge | Spotted Executioner 26880 | -2/Protoforge | Destroyed Executioner 26894 | -2/Protoforge | Destroyed Executioner 26939 | -2/Protoforge | Found Exp. System Purifier 26952 | -2/Protoforge | Destroyed 47 combat bots 27187 | -2/Protoforge | Destroyed Investigator 27189 | -2/Protoforge | Destroyed Executioner 27193 | -2/Protoforge | Destroyed Executioner 27200 | -2/Protoforge | Spotted Striker 27204 | -2/Protoforge | Destroyed Striker 27207 | -2/Protoforge | Core integrity fell below 50% 27210 | -2/Protoforge | Destroyed Striker 27231 | -2/Protoforge | Destroyed 56 combat bots 27361 | -2/Protoforge | Spotted AP7-3 27361 | -2/Protoforge | Spotted AP7-3 27378 | -2/Protoforge | Destroyed AP7-3 27384 | -2/Protoforge | Destroyed AP7-3 27395 | -2/Protoforge | Found Prototype Processor 27395 | -2/Protoforge | Identified Exp. Target Analyzer 27440 | -2/Protoforge | Additional patrols dispatched to research labs 27441 | -2/Protoforge | Found Transdimensional Reconstructor 27511 | -2/Protoforge | Found Exp. System Purifier 27556 | -2/Protoforge | Entered Access 27806 | -1/Access | First assault squad dispatched 27846 | -1/Access | Unchained authorized (1B-0RG) 27895 | -1/Access | Reached level 37 28087 | -1/Access | Spotted B-99 Colossus 28090 | -1/Access | Garrison activated, responded to threat 28119 | -1/Access | Identified exit to Command 28231 | -1/Access | Found Prototype Device 28231 | -1/Access | Identified Exp. Thermal Shield 28332 | -1/Access | High security lockdown imminent 28339 | -1/Access | Spotted Borg Executioner 28347 | -1/Access | Spotted Executioner 28347 | -1/Access | Spotted B-99 Colossus 28361 | -1/Access | Spotted B-99 Colossus 28378 | -1/Access | Spotted B-99 Colossus 28392 | -1/Access | Destroyed B-99 Colossus 28406 | -1/Access | Spotted Borg Executioner 28407 | -1/Access | Destroyed Borg Executioner 28412 | -1/Access | High security lockdown engaged 28421 | -1/Access | Destroyed Borg Executioner 28606 | -1/Access | Destroyed 12 combat bots 28617 | -1/Access | Spotted Investigator 28619 | -1/Access | Destroyed Investigator 28742 | -1/Access | Spotted Executioner 28756 | -1/Access | Destroyed Executioner 28775 | -1/Access | Destroyed Executioner 28806 | -1/Access | Reached level 38 28891 | -1/Access | Spotted Executioner 28891 | -1/Access | Spotted Striker 28909 | -1/Access | Destroyed Striker 28935 | -1/Access | Spotted Striker 28935 | -1/Access | Spotted Executioner 28946 | -1/Access | Destroyed Striker 28950 | -1/Access | Destroyed Executioner 28953 | -1/Access | Destroyed Executioner 28959 | -1/Access | Spotted Striker 28962 | -1/Access | Destroyed Striker 29031 | -1/Access | Destroyed 126 combat bots 29036 | -1/Access | Spotted Striker 29036 | -1/Access | Spotted Striker 29071 | -1/Access | Destroyed Striker 29075 | -1/Access | Destroyed Striker 29109 | -1/Access | Spotted Striker 29127 | -1/Access | Destroyed Striker 29164 | -1/Access | Spotted Executioner 29164 | -1/Access | Spotted Striker 29171 | -1/Access | Destroyed Striker 29179 | -1/Access | Destroyed Executioner 29221 | -1/Access | Spotted Striker 29221 | -1/Access | Spotted Executioner 29242 | -1/Access | Destroyed Striker 29261 | -1/Access | Destroyed Executioner 29271 | -1/Access | Spotted Striker 29271 | -1/Access | Spotted Striker 29271 | -1/Access | Spotted Striker 29275 | -1/Access | Destroyed Striker 29281 | -1/Access | Destroyed Striker 29283 | -1/Access | Destroyed Striker 29323 | -1/Access | Destroyed 36 combat bots 29392 | -1/Access | Destroyed 9 combat bots 29454 | -1/Access | Spotted B-99 Colossus 29456 | -1/Access | Destroyed B-99 Colossus 29477 | -1/Access | Destroyed 14 combat bots 29532 | -1/Access | Spotted Executioner 29533 | -1/Access | Spotted Executioner 29537 | -1/Access | Destroyed Executioner 29540 | -1/Access | Destroyed Executioner 29561 | -1/Access | Destroyed 13 combat bots 29621 | -1/Access | Spotted Investigator 29632 | -1/Access | Spotted Striker 29632 | -1/Access | Spotted Executioner 29632 | -1/Access | Spotted Executioner 29666 | -1/Access | Destroyed Investigator 29667 | -1/Access | Core integrity fell below 50% 29669 | -1/Access | Spotted Executioner 29669 | -1/Access | Spotted Executioner 29669 | -1/Access | Spotted Striker 29683 | -1/Access | Destroyed Striker 29714 | -1/Access | Entered Command 29773 | -1/Command | High security lockdown imminent 29853 | -1/Command | High security lockdown engaged 29866 | -1/Command | Spotted Alpha 7 29883 | -1/Command | Destroyed Alpha 7 29883 | -1/Command | Reached level 39 29899 | -1/Command | Upgraded with Utility slot (x1) 29981 | -1/Command | Spotted M Guard 29982 | -1/Command | Spotted M Guard 29983 | -1/Command | Spotted Combat Programmer 30000 | -1/Command | Spotted Combat Programmer 30000 | -1/Command | Destroyed Combat Programmer 30041 | -1/Command | Destroyed Combat Programmer 30057 | -1/Command | Destroyed M Guard 30071 | -1/Command | All MAIN.C guards destroyed 30094 | -1/Command | Spotted Striker 30102 | -1/Command | Destroyed 12 combat bots 30122 | -1/Command | Destroyed Striker 30214 | -1/Command | Destroyed 16 combat bots 30232 | -1/Command | Spotted Executioner 30233 | -1/Command | Spotted Executioner 30246 | -1/Command | Destroyed Executioner 30295 | -1/Command | Destroyed 19 combat bots 30393 | -1/Command | Spotted Investigator 30410 | -1/Command | Spotted Striker 30414 | -1/Command | Destroyed Striker 30427 | -1/Command | Destroyed Investigator 30435 | -1/Command | Destroyed 12 combat bots 30449 | -1/Command | Spotted Striker 30460 | -1/Command | Destroyed Striker 30473 | -1/Command | Spotted Executioner 30479 | -1/Command | Destroyed Executioner 30552 | -1/Command | Destroyed 21 combat bots 30595 | -1/Command | Spotted Striker 30595 | -1/Command | Spotted Executioner 30596 | -1/Command | Destroyed Striker 30603 | -1/Command | Destroyed Executioner 30619 | -1/Command | Destroyed Executioner 30632 | -1/Command | Spotted Executioner 30632 | -1/Command | Spotted Striker 30638 | -1/Command | Destroyed Striker 30656 | -1/Command | Destroyed Executioner 30690 | -1/Command | Destroyed 16 combat bots 30814 | -1/Command | Spotted Striker 30814 | -1/Command | Spotted Executioner 30814 | -1/Command | Spotted Executioner 30814 | -1/Command | Spotted Alpha 7 30814 | -1/Command | Spotted Striker 30814 | -1/Command | Spotted Executioner 30814 | -1/Command | Spotted Executioner 30831 | -1/Command | Destroyed Striker 30843 | -1/Command | Destroyed Executioner 30845 | -1/Command | Destroyed Alpha 7 30859 | -1/Command | Destroyed Striker 30870 | -1/Command | Spotted Striker 30870 | -1/Command | Spotted Striker 30876 | -1/Command | Spotted Executioner 30887 | -1/Command | Destroyed Striker 30893 | -1/Command | Destroyed Striker 30913 | -1/Command | Destroyed Executioner 30956 | -1/Command | Spotted Striker 30959 | -1/Command | Destroyed Striker 31011 | -1/Command | Destroyed 35 combat bots 31037 | -1/Command | Spotted Striker 31051 | -1/Command | Destroyed Striker 31075 | -1/Command | Spotted Executioner 31082 | -1/Command | Destroyed Executioner 31131 | -1/Command | Destroyed 12 combat bots 31199 | -1/Command | Spotted Executioner 31214 | -1/Command | Destroyed Executioner 31215 | -1/Command | Destroyed Executioner 31216 | -1/Command | Destroyed Executioner 31218 | -1/Command | Destroyed Executioner 31237 | -1/Command | Spotted B-99 Colossus 31237 | -1/Command | Spotted B-99 Colossus 31305 | -1/Command | Destroyed B-99 Colossus 31361 | -1/Command | Destroyed B-99 Colossus 31623 | -1/Command | Destroyed 70 combat bots 31730 | -1/Command | Destroyed 26 combat bots 31813 | -1/Command | Destroyed 15 combat bots 32018 | -1/Command | Destroyed 8 combat bots 32109 | -1/Command | Destroyed 7 combat bots 32183 | -1/Command | Reached level 40 32248 | -1/Command | Destroyed 57 combat bots 32351 | -1/Command | Destroyed 7 combat bots 32495 | -1/Command | Destroyed 22 combat bots 32648 | -1/Command | Destroyed 22 combat bots 32757 | -1/Command | System corruption reached 10% 32789 | -1/Command | Destroyed 33 combat bots 33066 | -1/Command | Destroyed 34 combat bots 33270 | -1/Command | Destroyed 34 combat bots 33502 | -1/Command | Met MAIN.C 33505 | -1/Command | 0b10 Conduit disabled 33582 | -1/Command | Found Prototype Launcher 33582 | -1/Command | Identified Containment Facilitator 33613 | -1/Command | Found Unknown Launcher 33613 | -1/Command | Identified Fusion Bomb Launcher 33758 | -1/Command | Found Prototype Processor 33758 | -1/Command | Identified Exp. Core Analyzer 33837 | -1/Command | Destroyed MAIN.C Shell 33839 | -1/Command | MAIN.C activated Command garrisons 33856 | -1/Command | Destroyed MAIN.C 33858 | -1/Command | Discovered new exit (range 43) 33858 | -1/Command | Discovered new exit (range 94) 33858 | -1/Command | Extracted map data and part IDs from MAIN.C's data core 33864 | -1/Command | Spotted Executioner 33864 | -1/Command | Spotted Executioner 33866 | -1/Command | Destroyed Executioner 33870 | -1/Command | Destroyed Executioner 33900 | -1/Command | Destroyed 7 combat bots 33923 | -1/Command | Spotted B-99 Colossus 33941 | -1/Command | Spotted B-99 Colossus 33951 | -1/Command | Destroyed B-99 Colossus 33963 | -1/Command | Spotted Executioner 33964 | -1/Command | Spotted Executioner 33967 | -1/Command | Destroyed Executioner 33974 | -1/Command | Destroyed Executioner 34099 | -1/Command | Warped through subspace to slip node 34099 | -1/Command | Discovered new exit (range 5) 34104 | -1/Command | Entered Access_0 34105 | -1/Access_0 | Met Architect 34109 | -1/Access_0 | Destroyed A8 34112 | -1/Access_0 | Architect warped through subspace 34141 | -1/Access_0 | Architect warped through subspace 34168 | -1/Access_0 | Subspace Access Node disabled 34180 | -1/Access_0 | A6 warped into view 34198 | -1/Access_0 | Destroyed A6 34201 | -1/Access_0 | Architect warped through subspace 34227 | -1/Access_0 | Found Exp. Actuator Array 34242 | -1/Access_0 | Architect warped through subspace 34272 | -1/Access_0 | Architect warped through subspace 34292 | -1/Access_0 | Subspace Access Node disabled 34317 | -1/Access_0 | Architect warped through subspace 34342 | -1/Access_0 | A5 warped into view 34352 | -1/Access_0 | Destroyed A5 34373 | -1/Access_0 | Destroyed 8 combat bots 34400 | -1/Access_0 | Architect warped through subspace 34426 | -1/Access_0 | Architect warped through subspace 34450 | -1/Access_0 | Architect warped through subspace 34475 | -1/Access_0 | Architect warped through subspace 34510 | -1/Access_0 | Architect warped through subspace 34537 | -1/Access_0 | Architect warped through subspace 34575 | -1/Access_0 | Destroyed 7 combat bots 34582 | -1/Access_0 | Architect warped through subspace 34622 | -1/Access_0 | Architect warped through subspace 34635 | -1/Access_0 | A4 warped into view 34670 | -1/Access_0 | Architect warped through subspace 34685 | -1/Access_0 | Destroyed A4 34705 | -1/Access_0 | Subspace Access Node disabled 34729 | -1/Access_0 | Architect warped through subspace 34751 | -1/Access_0 | Architect warped through subspace 34783 | -1/Access_0 | Architect warped through subspace 34800 | -1/Access_0 | Found Core Regenerator 34817 | -1/Access_0 | Architect warped through subspace 34857 | -1/Access_0 | Destroyed A2 34858 | -1/Access_0 | Extracted Singularity Gate Test 138-C access codes from A2's data core 34867 | -1/Access_0 | Architect warped through subspace 34871 | -1/Access_0 | Found Prototype Device 34871 | -1/Access_0 | Identified ST Field Compressor 34892 | -1/Access_0 | A3 warped into view 34902 | -1/Access_0 | Singularity Gate disabled 34914 | -1/Access_0 | Destroyed A3 34929 | -1/Access_0 | Architect warped through subspace 34952 | -1/Access_0 | Singularity Gate disabled 34981 | -1/Access_0 | Subspace Access Node disabled 34990 | -1/Access_0 | Used Core Regenerator, restored core integrity (+275) 35028 | -1/Access_0 | Destroyed Architect 35029 | -1/Access_0 | Extracted unknown sensor trigger ID from Architect's data core 35030 | -1/Access_0 | Found Hpw. Transdimensional Reconstructor 35045 | -1/Access_0 | Found Sigix Broadsword 35125 | -1/Access_0 | Warped through subspace to slip node 35125 | -1/Access_0 | Discovered new exit (range 8) 35128 | *** | Establishing 0b11! Last Messages --------------- alien starship?! You've got*fzzt* be kiddi*bzzz*" 35028_ Architect destroyed. 35029_ Acquired data core, extracted unknown sensor trigger ID. 35030_ Acquired 30 matter. 35030_ Acquired Hpw. Transdimensional Reconstructor. 35034_ Used Protomatter to restore core integrity (+84, depleted) 35042_ Workstation disabled. 35045_ Acquired Sigix Broadsword. 35078_ The protective shell folds into the floor. 35079_ Connecting with Architect Logs... 35079_ Current location identified: Access_0 >>Record! "Log L.MJH3MJHF" It's too bad Revision 17 was scrapped before he could really cause any kind of serious trouble. Things were just about to start getting interesting... 35108_ Acquired 10 matter. 35111_ Workstation disabled. 35116_ Reinforced Shell breached. 35125_ Warped through subspace, drawn to slip node. 35125_ EXIT=FOUND Map ----- +----------------------------------------------------+ | | | | | | | | | | | | | | | | | | | | | | | | | | | | | | | | | ?????????????????????????????????????????????????? | | ?????????????????????????????????????????????????? | | ?????????????????????????????????????????????????? | | ?????????????????????????????????????????????????? | | ?????????????????????????????????????????????????? | | ?????????????????????????????????????????????????? | | ????????????????????????###??????????????????????? | | ???????????????????????## ##?????????????????????? | | ???????????????????????# #?????????????????????? | | ???????????????????????# @ #?????????????????????? | | ??????????????????????## #?????????????????????? | | ??????????????????????# #?????????????????????? | | ??????????????????????# ##?????????????????????? | | ??????????????????????## #?????????????????????? | | ??????????????????????# #?????????????????????? | | ??????????????????????# ##?????????????????????? | | ??????????????????????# < #?????????????????????? | | ??????????????????????# ##?????????????????????? | | ??????????????????????## #??????????????????????? | | ???????????????????????####??????????????????????? | | ?????????????????????????????????????????????????? | | ?????????????????????????????????????????????????? | | ?????????????????????????????????????????????????? | | ?????????????????????????????????????????????????? | | ?????????????????????????????????????????????????? | | ?????????????????????????????????????????????????? | | ?????????????????????????????????????????????????? | | ?????????????????????????????????????????????????? | | ?????????????????????????????????????????????????? | | ?????????????????????????????????????????????????? | | ?????????????????????????????????????????????????? | | ?????????????????????????????????????????????????? | | ?????????????????????????????????????????????????? | | ?????????????????????????????????????????????????? | +----------------------------------------------------+ Best States ------------- Heat Dissipation 91 Energy Generation 102 Energy Capacity 950 Matter Stores 300 Matter Capacity 300 Sight Range 16 Robot Scan Range 31 Terrain Scan Range 16 Terrain Scan Density 210 Power Amplification 20 Additional Mass Support 20 EM Shielding 4 Armor Coverage 2400 Resistance: KI 30 Resistance: TH 75 Resistance: EX 75 Resistance: EM 20 Utility Shielding 33 Weapon Shielding 90 Projectile Deflection 15 Weapon Cycling 25 Melee Speed Boost 50 Phase Shifting 5 Evasion (%) 82 Melee Accuracy 36 Target Analysis 8 Core Analysis 8 Recoil Reduction 4 Energy Filtering 50 Force Boost 50 Offensive Hacking 10 Defensive Hacking 10 Item Schematics ----------------- Machine Analyzer | -8/Materials | Extracted Shock Rifle | -8/Materials | Extracted Rocket Launcher | -8/Materials | Extracted Combat Drone Bay | -7/Data Miner | Free Lgt. Regenerative Plating | -7/Data Miner | Free Exp. Targeting Computer | -7/Data Miner | Free Cld. Aerolev Unit | -7/Data Miner | Free Prc. Rocket Launcher | -7/Data Miner | Free Arm. Medium Treads | -7/Data Miner | Free Lrn. Tractor Beam | -7/Data Miner | Free Hvy. Phase Cannon | -7/Data Miner | Free Enh. Gauss Cannon | -7/Data Miner | Free Hardcell Cannon | -7/Data Miner | Free Imp. Remote Shield | -7/Data Miner | Free Arm. Leg | -7/Data Miner | Free Adv. Melee Analysis Suite | -6/Factory | Scanalyzed Triangulator | -6/Factory | Hacked Hvy. Pick | -6/Zion | Archive Imp. Component Analysis Suite | -6/Zion | Archive Lgt. Angular Momentum Engine | -6/Zion | Archive Imp. Transmission Jammer | -6/Zion | Archive Lyr. Medium Armor Plating | -6/Zion | Archive Mass Driver | -6/Zion | Archive Imp. Medium Treads | -6/Zion | Archive Adv. Transmission Jammer | -6/Zion | Archive Adv. Coolant Injector | -6/Zion | Archive Plasma Rifle | -6/Zion | Archive Adv. Recoil Stabilizer | -6/Zion | Archive Force Field | -6/Zion | Archive Field Propulsion Drive | -6/Zion | Archive HERF Cannon | -6/Zion | Archive Adv. Hardlight Generator | -4/Factory | Hacked Cld. Q-thruster | -3/Research | Scanalyzed Hvy. Antimatter Reactor | -3/Testing | Archive Exp. Terrain Scan Processor | -3/Testing | Archive Tactical Quantum Warhead | -3/Testing | Archive Imp. Thermal Defense Suite | -3/Testing | Archive Centrium Greatsword | -2/Quarantine | Archive Adv. Quantum Shading Machine | -2/Quarantine | Archive Helical Railgun | -2/Protoforge | Archive Lrn. Phase Cannon | -2/Protoforge | Archive Exp. Cooling System | -2/Protoforge | Archive Com. Tesla Bomb Launcher | -2/Protoforge | Archive Lgt. Antimatter Cannon | -2/Protoforge | Archive Exp. Focal Shield | -2/Protoforge | Archive Gui. Micro-nuke Launcher | -2/Protoforge | Archive Centrium Light Armor Plating | -2/Protoforge | Archive Exp. Signal Interpreter | -2/Protoforge | Archive Enh. Biometal Leg | -2/Protoforge | Archive Exp. Coolant Injector | -2/Protoforge | Archive Cld. Antimatter Reactor | -2/Protoforge | Archive Diametric Drive | -2/Protoforge | Archive Exp. Thermal Defense Suite | -2/Protoforge | Archive Hvy. Proton Cannon | -2/Protoforge | Archive Robot Schematics ------------------ A-15 Conveyor | -7/Data Miner | Free M-28 Smith | -7/Data Miner | Free B-48 Gladiator | -7/Data Miner | Free G-50 Soldier | -7/Data Miner | Free X-72 Disruptor | -7/Data Miner | Free T-07 Excavator | -6/Zion | Archive L-41 Fighter | -6/Zion | Archive Y-72 Warden | -3/Testing | Archive R-10 Processor | -3/Testing | Archive K-01 Serf | -2/Research | Archive A-02 Transporter | -2/Research | Archive R-06 Scavenger | -2/Research | Archive M-14 Sweeper | -2/Research | Archive M-22 Extractor | -2/Research | Archive M-30 Cleanser | -2/Research | Archive M-13 Machinist | -2/Research | Archive M-36 Artificer | -2/Research | Archive O-16 Technician | -2/Research | Archive O-24 Administrator | -2/Research | Archive O-32 Director | -2/Research | Archive W-16 Scout | -2/Research | Archive W-25 Informer | -2/Research | Archive W-44 Eye | -2/Research | Archive S-10 Pest | -2/Research | Archive S-27 Virus | -2/Research | Archive S-43 Plague | -2/Research | Archive G-34 Mercenary | -2/Research | Archive G-47 Trooper | -2/Research | Archive G-67 Veteran | -2/Research | Archive G-73 Enforcer | -2/Research | Archive B-36 Bruiser | -2/Research | Archive B-60 Warrior | -2/Research | Archive B-74 Champion | -2/Research | Archive L-31 Rogue | -2/Research | Archive L-61 Swordsman | -2/Research | Archive Y-45 Defender | -2/Research | Archive Y-54 Guardian | -2/Research | Archive Y-64 Sentinel | -2/Research | Archive D-53 Grenadier | -2/Research | Archive D-63 Destroyer | -2/Research | Archive D-83 Annihilator | -2/Research | Archive X-57 Shotgunner | -2/Research | Archive X-62 Marksman | -2/Research | Archive X-67 Chaingunner | -2/Research | Archive X-77 Beamer | -2/Research | Archive X-82 Rainmaker | -2/Research | Archive X-87 Electro | -2/Research | Archive H-55 Commando | -2/Research | Archive H-66 Slayer | -2/Research | Archive H-77 Assassin | -2/Research | Archive H-88 Terminator | -2/Research | Archive P-60 Hacker | -2/Research | Archive P-70 Sage | -2/Research | Archive P-80 Master | -2/Research | Archive E-15 Imp | -2/Quarantine | Archive A-27 Freighter | -2/Protoforge | Archive C-55 Analyst | -2/Protoforge | Archive Fabricated ------------ Adv. Melee Analysis Suite | x2 | -6/Factory Cld. Q-thruster | x1 | -3/Research Cld. Q-thruster | x1 | -3/Research Repaired ---------- Nothing Studied --------- None Alien Tech Used ----------------- Terrabomb Sigix Broadsword Subatomic Replicator Transdimensional Reconstructor Core Regenerator High-powered Transdimensional Reconstructor Achievements -------------- None Challenges ------------ None RPGLIKE | -11 -10 -10 -10 -9 -8 -8 -7 -7 -7 -7 -6 -6 -6 -6 -6 -6 -5 -5 -5 -4 -4 -4 -4 -4 -3 -3 -2 -2 -2 -1 -1 -1 --------- Run | Yrd Mat Min Exi Min Mat Gar Fac Low Low Dat Pro Fac Low Low Zio Dee Pro Fac Gar Fac Ext Cet Arc Hub Res Tes Res Qua Frg Acc Com Ac0 Levels Raised 39 | . 3 . 1 . 7 2 4 . . 1 . 1 . . . . 1 2 1 1 2 . . . 2 . 2 1 4 2 2 . XP Earned 62854 | 3000 4735 1012 350 1250 9195 3173 6663 272 304 98 523 1095 449 324 118 363 1367 1990 1546 1991 2433 309 146 239 2091 1283 2896 966 6274 3206 2613 580 XP Spent 59890 | 2050 5400 . . . 8600 5950 4900 1100 . . . 2000 . . 800 . . 4900 . 2240 1600 . . . 3800 1050 1200 1300 8200 . 4800 . Upgrades 79 | 4 14 . . . 4 6 12 1 . . . 10 . . 1 . . 2 . 8 1 . . . 1 1 6 2 4 . 2 . Power Slot 1 | . . . . . . . . . . . . . . . . . . . . 1 . . . . . . . . . . . . Propulsion Slot 4 | 1 . . . . . 1 . 1 . . . . . . . . . 1 . . . . . . . . . . . . . . Utility Slot 14 | 2 2 . . . 4 1 1 . . . . . . . . . . 1 . . . . . . 1 . . . 1 . 1 . Weapon Slot 2 | . . . . . . . . . . . . . . . . . . . . . . . . . . . . 2 . . . . Core Integrity 10 | . . . . . . . 10 . . . . . . . . . . . . . . . . . . . . . . . . . Heat Dissipation 11 | . 3 . . . . . . . . . . . . . . . . . . 2 . . . . . . 6 . . . . . Energy Generation 6 | . 2 . . . . . . . . . . . . . 1 . . . . . . . . . . 1 . . 2 . . . Mass Support 4 | . 2 . . . . 1 . . . . . . . . . . . . . . 1 . . . . . . . . . . . Inventory Capacity 5 | 1 1 . . . . 1 1 . . . . . . . . . . . . . . . . . . . . . 1 . . . Sensor Range 13 | . . . . . . . . . . . . 8 . . . . . . . 5 . . . . . . . . . . . . Terrain Scan Density 2 | . 2 . . . . . . . . . . . . . . . . . . . . . . . . . . . . . . . Ranged Accuracy 1 | . . . . . . . . . . . . . . . . . . . . . . . . . . . . . . . 1 . Melee Accuracy 2 | . 2 . . . . . . . . . . . . . . . . . . . . . . . . . . . . . . . Hack Attack % 2 | . . . . . . 1 . . . . . 1 . . . . . . . . . . . . . . . . . . . . Hack Defense % 2 | . . . . . . 1 . . . . . 1 . . . . . . . . . . . . . . . . . . . . Protomatter Created 35402 | . 521 28 . 36 1023 661 2532 392 398 . 92 363 211 125 . 414 137 516 1030 495 1021 173 75 . 304 324 891 76 7635 4879 9549 1501 Integrity Restored 40524 | . 1057 77 55 183 1331 898 2879 994 215 . 113 525 616 337 . 1272 337 1117 1380 1130 2020 498 213 . 840 1161 1973 277 5751 2414 6845 4016 Core 28587 | . 1003 59 45 180 923 639 2249 824 81 . 43 429 367 206 . 874 144 581 551 556 854 466 94 . 178 1158 768 138 4506 1669 5520 3482 Parts 11937 | . 54 18 10 3 408 259 630 170 134 . 70 96 249 131 . 398 193 536 829 574 1166 32 119 . 662 3 1205 139 1245 745 1325 534 Protomatter Decayed 9855 | . 76 . . 17 300 187 338 47 336 . 40 184 2 11 . 103 . 175 325 110 681 . . . 20 5 151 30 3048 751 2691 227 Game ------ Seed AluminumGuidanceScreen Manual? 1 Play Time 08:31:26 Cumulative 676.6 hours Start 2026.07.16 @ 11:37:31 End 2026.07.18 @ 15:12:25 Sessions 5 Manual Loads 0 Difficulty Rogue Special Mode Winter2019/RPGLIKE Game No. 335 Rogue 181 Adventurer 154 Explorer 0 Win Type 1 Total 23 Types 4/6/4/3/2/1/0/1/1/1 Lore% 95 Gallery% 88 Achievement% 68 Wizard Run 0 Options --------- Layout 0 ASCII 0 Keyboard 0 Movement Numpad Keybinds 0 Fullscreen 2 Font 18/SmallcapsGlow Map View 76x50 Zoom Use 0% Tactical HUD 1 Map Filters NONE Filters NONE Steam 1 RUN: c699dc90-fd3b-49b0-b16a-7b2300372326